Workbook
Name Consequence: '[1]Drop Down Lists'!$A$3:$A$8
Name Likelihood: '[1]Drop Down Lists'!$B$3:$B$7
Name RCE: '[1]Drop Down Lists'!$D$3:$D$7

Sheet HV Plant BRA
A3: Occupational Health and Safety Baseline risk assessment template
A4: Business/Operating unit: | B4: TRANSMISSION EAST GRID | J4: Department: | K4: HV PLANT | U4: Next Review Date (every 2 years): | V4: 45202 | W4: Template identifier: | X4: 240-70044602
A6: Date: | B6: 44107 | J6: Prepared by: | M6: Authorised by: | O6: Name: Ellen Shezi | W6: Document identifier | X6: 240-142073894 | AM6: R | AN6: Safety | AO6: 1 | AP6: A | AQ6: Fully effective | AR6: I
O7: Designation: HV Plant Manager | W7: Revision number: | X7: 6 | AM7: N | AN7: Health | AO7: 2 | AP7: B | AQ7: Mostly effective | AR7: II
O8: Signed: | W8: Revision date: | X8: 45202 | AO8: 3 | AP8: C | AQ8: Mostly ineffective | AR8: III
O9: Date: | AO9: 4 | AP9: D | AQ9: None | AR9: IV
A10: Refer to Occupational Health and Safety Risk assessment procedure 32-520 | AO10: 5 | AP10: E
A11: List activity | B11: Activity type (Routine/Non-routine) | C11: Hazard nr | D11: Hazard Identification | E11: Risk Nr | F11: Associated risk | G11: Risk type | H11: Cause(s) of the risk | I11: Exposed group/employees | J11: Risk Owner | K11: Exposure patterns | L11: What are the possible consequences? | M11: Existing Controls | P11: Risk Priority Rating | R11: Additional Controls or Tasks Aimed at improving Existing Controls | S11: Monitoring Mechanisms | T11: Control Owner | U11: Legal and Other Requirements | V11: Target Date | W11: Current Status | X11: Integrated Risk Management (IRM) reference number | AO11: 6
A12: List specific activities to be performed taking into consideration the equipment to be used, the personnel involved in the task. | B12: Indicate R or N 1. Routine activities and situations create hazards through day-to-day operations and normal work activities; 2. Non-routine activities and situations are occasional or unplanned; | C12: # | D12: Anything with potential to cause of harm. Note: A hazard can pose more than one risk. | E12: # | F12: A chance that injury , ill health or damage could occur as a result of uncontrolled hazard. | G12: Safety or health | H12: What causes the risk to come into effect? | I12: Who is exposed to the hazard i.e. visitors, members of the public, etc. | J12: Who is accountable for making sure the controls and monitors are: - in place, - implemented, - regularly reviewed for effectiveness. | K12: The frequency and duration the person/group is exposed to the hazard e.g. Daily for 3 hrs. | L12: Consider the worse case scenario without controls? | M12: Include: - Preventative Controls (controls implemented to eliminate hazards or reduce the likelihood of the risk occurring), and - Reactive Controls (controls implemented to reduce the immediate impact of the risk occurring) Elimination Substitution Engineering controls Administrative controls Personal protective equipment (PPE) | N12: Consequence | O12: Likelihood | Q12: RCE Risk Control Effectiveness | R12: Include: - Preventative Controls (controls implemented to eliminate hazards or reduce the likelihood of the risk occurring), and - Reactive Controls (controls implemented to reduce the immediate impact of the risk occurring) Elimination Substitution Engineering controls Administrative controls Personal protective equipment (PPE) | S12: How we know if we are succeeding. Include comments on effectiveness. This may include i.e. measurements, inspections, supervision where necessary. | T12: Person allocated the responsibility for implementing the agreed controls | U12: Where relevant, list the relevant legislative and or Eskom requirements that prescribe the control. | V12: Once a date has been agreed to, this can not be changed | W12: Pending, In Progress, Complete | X12: Where applicable, add IRM system reference number for tracking of treatment actions. | AD12: Consequences | AE12: 6 | AF12: III | AG12: II | AH12: I | AI12: I | AJ12: I
A13: Driving National road Public road Terrain / servitudes | B13: R | C13: 1 | D13: Sub standard Vehicles | E13: 1.1 | F13: Unroadworthy vehicles - Motor vehicle accident | G13: Safety | H13: - Inadequate communication - Lack of vehicle pre-trip inspection - Lack of vehicle maintenance - Vehicles not replaced as per the request | I13: Employees and Contractor employees | J13: HV Plant Manager | K13: Daily | L13: Vehicle breakdown | M13: - Pre –trip inspections is done to ensure that the vehicle is in good condition before driving. - Regular maintenance as per the manufature's specification is maintained. | N13: 2 | O13: B | P13: IV | Q13: F | R13: - Unroadworthy vehicles are replaced. -Regular inspections are conducted. | S13: Inspections Audits | T13: HV Plant Supervisors and Technical Supervisor, Contractor site Supervisor | U13: - Occupational Health and Safety Act, 1993 (Act No. 85 of 1993) - General Safety Regulations, 1986 - General Administrative Regulations, 2003 - National Road Traffic Act, 1996 (Act No. 93 of 1996) - 32-846 Operating Regulations for High Voltage System - 240-43848327 Right to Refuse to Work in an unsafe condition procedure - 32-477 Safety Health and Environment Training and Development - 240-75567900 Manual for Internal QualityAssurance Management of the Eskom Occupational Hygiene Approved Inspection Authority - 240-44175132 Eskom Personal Protective Equipment - 32-285 Medical surveillance - 32-95 Environmental, Occupational Health and Safety Incident Management Procedure -240-52456757Contract specification for vegetation management services on Eskom Networks - EP Plan R28 | V13: October 2020 | W13: Complete | X13: n/a | AE13: 5 | AF13: III | AG13: II | AH13: II | AI13: I | AJ13: I
B14: R | E14: 1.2 | F14: Vehicle breakdown and brake failure | G14: Safety | H14: - Lack of vehicle maintenance | I14: Employees and Contractor employees | J14: HV Plant Manager | K14: Daily | L14: Fatalities Lost Time Injury Medical Incident Property damage | M14: Vehicles are maintained in a roadworthy condition as per the manufature's instruction. Employees are aware of Emergency Numbers and that they are tested for effectiveness. | N14: 5 | O14: C | P14: II | Q14: F | R14: - Unroadworthy vehicles are replaced. -Regular inspections are conducted. | S14: Maintenance Inspection Audits | T14: HV Plant Supervisors and Technical Supervisor, Contractor site Supervisor | U14: - Occupational Health and Safety Act, 1993 (Act No. 85 of 1993) - General Safety Regulations, 1986 - General Administrative Regulations, 2003 - National Road Traffic Act, 1996 (Act No. 93 of 1996) 32-846 Operating Regulations for High Voltage System - 240-43848327 Right to Refuse to Work in an unsafe condition procedure - 32-477 Safety Health and Environment Training and Development - 240-75567900 Manual for Internal QualityAssurance Management of the Eskom Occupational Hygiene Approved Inspection Authority - 240-44175132 Eskom Personal Protective Equipment - 32-285 Medical surveillance - 32-95 Environmental, Occupational Health and Safety Incident Management Procedure -240-52456757Contract specification for vegetation management services on Eskom Networks - EP Plan | V14: October 2021 | W14: Complete | X14: n/a | AE14: 4 | AF14: IV | AG14: III | AH14: II | AI14: I | AJ14: I
B15: R | E15: 1.3 | F15: Vehicle not meeting Eskom minimum vehicle specification. | G15: Safety | H15: - Failure to ensure compliance to Eskom vehicle specification | I15: Employees and Contractor employees | J15: HV Plant Manager | K15: Whenever vehicles are purchased | L15: Fatalities Lost Time Injury Medical Incident | M15: - All vehicle are fitted with airbags, ABS, power steering, fitted with seatbelts, etc - Vehicles are provided with first aid kit, 2 x warning triangle and fire extinguisher | N15: 6 | O15: C | P15: I | Q15: F | R15: - Site specific induction training, Enforcement of current controls, management of phasing out of non compliant vehicles are conducted. - - | S15: Inspections Audits | T15: HV Plant Supervisors and Technical Supervisor, Contractor site Supervisor | U15: - Occupational Health and Safety Act, 1993 (Act No. 85 of 1993) - National Road Traffic Act, 1996 (Act No. 93 of 1996) - 32-846 Operating Regulations for High Voltage System - 240-43848327 Right to Refuse to Work in an unsafe condition procedure - 32-477 Safety Health and Environment Training and Development - 240-75567900 Manual for Internal QualityAssurance Management of the Eskom Occupational Hygiene Approved Inspection Authority - 240-44175132 Eskom Personal Protective Equipment - 32-285 Medical surveillance - 32-95 Environmental, Occupational Health and Safety Incident Management Procedure -240-52456757Contract specification for vegetation management services on Eskom Networks - EP Plan | V15: October 2021 | W15: In progress | X15: n/a | AE15: 3 | AF15: IV | AG15: III | AH15: II | AI15: II | AJ15: I
B16: R | C16: 2 | D16: Fatigue Individuals / People | E16: 2.1 | F16: Excessive travelling causing fatigue . | G16: Health | H16: - Not taking rest period when required - Prolonged driving (long distance driving); - Traffic congestion | I16: Employees and Contractor employees | J16: HV Plant Manager | K16: Daily | L16: Fatality Lost Time Injury Property damage | M16: - Employees do road / trip planning and risk assessment prior to embarking on a trip. - Employees are do take a rest period based at their own discretion while travelling / driving to site. - Employees are allowed to buy some refreshment while driving to sites when feeling fatigue. - Employees’ vehicles are maintained in good working operations. The maintenance of the vehicles includes that of the seats and suspensions. Adequate and regular maintenance of the vehicles reduce exposure to body vibration to a larger extent. R16 -kgnkhj | N16: 5 | O16: D | P16: I | Q16: F | R16: Awareness are created on general vehicle safety and enforced, afterwards.sefe and - Only medical fit drivers are alowed to drive. ( Vehicle driversafety management procedure) - Only maximum of 200 kilometers/2hours are allowed to be travelled per day. | S16: Monitoring | T16: HV Plant Supervisors and Technical Supervisor, Contractor site Supervisor | U16: - Occupational Health and Safety Act, 1993 (Act No. 85 of 1993) - 32-846 Operating Regulations for High Voltage System - 240-43848327 Right to Refuse to Work in an unsafe condition procedure - 32-477 Safety Health and Environment Training and Development - 240-75567900 Manual for Internal QualityAssurance Management of the Eskom Occupational Hygiene Approved Inspection Authority - 240-44175132 Eskom Personal Protective Equipment - 32-285 Medical surveillance - 32-95 Environmental, Occupational Health and Safety Incident Management Procedure -240-52456757Contract specification for vegetation management services on Eskom Networks - EP Plan | V16: October 2021 | W16: Complete Done quarteltyRegisters available on site | X16: n/a | AE16: 2 | AF16: IV | AG16: IV | AH16: III | AI16: II | AJ16: II
B17: R | E17: 2.2 | F17: Collision with an object while reversing | G17: Safety | H17: - Poor observation and judgement - Lack of concentration | I17: Eskom Employees | J17: HV Plant Manager | K17: Daily | L17: Property damage, Lost time injury. | M17: Precautionary measures are Ilways taken care of when reversing and if backround view is obstructed .a passenger gets down give guidance. | N17: 4 | O17: C | P17: II | Q17: Mostly effective | R17: All vehicles are fitted with reverse sensors | S17: Behavioral Safety Observation. | T17: Secondary Plant Supervisor | U17: - Occupational Health and Safety Act, 1993 (Act No. 85 of 1993) - 240-62196227 Eskom life saving rules procedure - 240-62946386 Vehicle Driver Safety Management Procedure | V17: October 2021 | W17: Complete Done quarteltyRegisters available on site | X17: n/a | AE17: 1 | AF17: IV | AG17: IV | AH17: III | AI17: III | AJ17: III
B18: R | E18: 2.3 | F18: Driver error due to substance abuse | G18: Health | H18: - Failure to adhere to road safety and Eskom rules | I18: Eskom Employees | J18: HV Plant Manager | K18: Daily | L18: Lost Time Injury Medical Incident Property damage/ Fatality. | M18: Drivers are not allowed to drive vehicle when under the influence of any intoxicating substances. | N18: 5 | O18: D | P18: I | Q18: Mostly effective | R18: Compliance is monitored, implemented and consequense management followed if there is a violation.Only medical fit drivers are alowed to drive. ( Vehicle driversafety management procedure) - Substance abuse is prohibited to all employees and screening is constantly executed anytime anywhere to everyone ( Substance abuse procedure). | S18: Alcohol Screeing, Behavioral Safety Observation | T18: Secondary Plant Supervisor | U18: - Occupational Health and Safety Act, 1993 (Act No. 85 of 1993) - National Road Traffic Act, 1996 (Act No. 93 of 1996) - 240-62196227 Eskom life saving rules procedure - 240-62946386 Vehicle Driver Safety Management Procedure | V18: October 2021 | W18: Complete Done quarteltyRegisters available on site | X18: n/a | AF18: A | AG18: B | AH18: C | AI18: D | AJ18: E
B19: R | E19: 2.4 | F19: Non-adherence to road safety rules | G19: Safety | H19: - Negligence and reckless - Overtaking unsafely - Talking on cellphone while driving - Impatience and road rage - Driving at excessive speed - Third party error | I19: Eskom Employees | J19: HV Plant Manager | K19: Daily | L19: Lost Time Injury , Fatality, Property damage | M19: - Monitor and analyse driver behaviour on MIX Telematics System and encourage good driving - Drivers are limited to three people per vehicle as per TEXCO decision. - Discuss Southern Grid driving charter during statutory safety meetings / departmental meetings | N19: 5 | O19: C | P19: II | Q19: Mostly effective | R19: Adherence to rules and procedures by utilising Drivecam and OBC is monitored. | S19: Monitoring Behavior Safety Observation | T19: HV Plant Supervisors and Technical Supervisor, Contractor site Supervisor | U19: - Occupational Health and Safety Act, 1993 (Act No. 85 of 1993) - National Road Traffic Act, 1996 (Act No. 93 of 1996) - 240-62196227 Eskom life saving rules procedure - 240-62946386 Vehicle Driver Safety Management Procedure | V19: October 2021 | W19: Complete Done quarteltyRegisters available on site | X19: n/a | AF19: Likelihood
B20: R | E20: 2.5 | F20: Driver inexperience | G20: Safety | H20: - Lack of driver training - Lack of driver license and driver permit - Inadequate Risk assessment | I20: Eskom Employees | J20: HV Plant Manager | K20: Daily | L20: Fatalities Lost Time Injury Medical Incident Property damage | M20: - All drivers are in possession of valid driver's licence. - Drivers do undergo advanced driver training and driver evaluation before issued with Eskom driver permit or authorised to drive for Eskom business. | N20: 5 | O20: C | P20: II | Q20: Mostly effective | R20: All inexperienced drivers are evaluated and Job Observed done before being issued with Driver permit | S20: Inspection Audit | T20: secondary Plant Supervisor | U20: - Occupational Health and Safety Act, 1993 (Act No. 85 of 1993) - National Road Traffic Act, 1996 (Act No. 93 of 1996) - 240-62196227 Eskom life saving rules procedure - 240-62946386 Vehicle Driver Safety Management Procedure . -East Grid Route Risk assessment- | V20: October 2021 | W20: Complete Done quarteltyRegisters available on site | X20: n/a
B21: R | E21: 2.6 | F21: Health Condition | G21: Health | H21: - Inadequate medical surveillance | I21: Employees and Contractor employees | J21: HV Plant Manager | K21: Daily | L21: Lost Time Injury Medical Incident Property damage | M21: - All drivers before allowed to drive for Eskom business must do driver risk assessment, medical surveillance and be in possession of valid driver licence. - Drivers are encouraged to inform their Managers/ Supervisors of any health conditions that render them unfit to drive. | N21: 4 | O21: D | P21: I | Q21: F | R21: - Only medical fit driver are allowed to drive. | S21: Inspection Audit | T21: HV Plant Supervisors and Technical Supervisor, Contractor site Supervisor | U21: - Occupational Health and Safety Act, 1993 (Act No. 85 of 1993) - National Road Traffic Act, 1996 (Act No. 93 of 1996) - 240-62196227 Eskom life saving rules procedure - 240-62946386 Vehicle Driver Safety Management Procedure - 32-95 Environmental, Occupational Health and Safety Incident Management Procedure - 32-285 Medical surveillance - 32-520 Occupational Health & Safety Risk Assessment Procedure | V21: October 2021 | W21: Complete Done quarteltyRegisters available on site | X21: n/a
B22: R | C22: 3 | D22: Weather | E22: 3.1 | F22: Poor visibility due to rain, mists, etc | G22: Safety | H22: - Inadequate planning - Lack of driver experience | I22: employees and Contractor employees | J22: HV Plant Manager | K22: Depending on season or weather condition | L22: Fatality Lost Time Injury Medical Incident Property damage | M22: - Drivers do risk assessment before, during as they drive and adjust speed as per the environmental condition. - Drivers are cautious when driving in an adverse weather condition and plan the routes properly. | N22: 5 | O22: C | P22: II | Q22: F | R22: Awareness are frequently done on driving in adverse weather condition | S22: Observation Monitoring | T22: HV Plant Supervisors and Technical Supervisor, Contractor site Supervisor | U22: - Occupational Health and Safety Act, 1993 (Act No. 85 of 1993) - National Road Traffic Act, 1996 (Act No. 93 of 1996) - 240-62196227 Eskom life saving rules procedure - 32-477 Safety Health and Environment Training and Development - 32-520 Occupational Health & Safety Risk Assessment Procedure - 32-95 Environmental, Occupational Health and Safety Incident Management Procedure | V22: October 2021 | W22: Complete Done quarteltyRegisters available on site | X22: n/a
B23: R | C23: 4 | D23: Stray Animals | E23: 4.1 | F23: Wild life interaction i.e. stray animals, etc | G23: Safety | H23: - Inadequate Risk assessment - Driving very early in the morning or at night | I23: Employees, Contractor employees and visitors | J23: HV Plant Manager | K23: Daily | L23: Lost Time Injury Medical Incident Property damage, Fatality. | M23: Employees are always on a look out of stray / wild animals and adjust speed where necessary as per the road warning signs. | N23: 5 | O23: c | P23: II | Q23: F | R23: The speed when driving on around Game reserve areas is reduced. | S23: Observation | T23: HV Plant Supervisors and Technical Supervisor, Contractor site Supervisor | U23: - Occupational Health and Safety Act, 1993 (Act No. 85 of 1993)- 240-62196227 Eskom life saving rules procedure - 32-520 Occupational Health & Safety Risk Assessment Procedure - 240-62946386 Vehicle Driver Safety Management Procedure | V23: October 2021 | W23: Complete Done quarteltyRegisters available on site | X23: n/a
B24: R | C24: 5 | D24: Substandard condition Roads | E24: 5.1 | F24: Poor road condition - Motor vehicle accident. | G24: Safety | H24: - Inadequate Risk assessment - Uneven, damaged and gravel road conditions and bad terrain - Poor vehicle maintenance which might lead to whole body vibrating when driving on gravel road | I24: Bush clearing contractors and Eskom HV Plant employees | J24: HV Plant Manager | K24: Daily | L24: Lost Time Injury Medical Incident Property damage | M24: - Caution is taken when driving in an uneven, damaged and gravel road conditions or an alternative route should be taken. - Speed get reduced as per road condition. - Prescribed speed limit and road warning signs are adhered to. - Adequate and regular maintenance of the vehicles to reduce exposure to whole body vibration to a larger extent. | N24: 4 | O24: D | P24: I | Q24: F | R24: Route analysis are conducted and results are shared with all. - Telematics system has installed on vehicles to moniter driver's behavior on the road. | S24: Observation | T24: HV Plant Supervisors and Technical Supervisor, Contractor site Supervisor | U24: - Occupational Health and Safety Act, 1993 (Act No. 85 of 1993) - National Road Traffic Act, 1996 (Act No. 93 of 1996) - 240-62196227 Eskom life saving rules procedure - 240-62946386 Vehicle Driver Safety Management Procedure - 32-520 Occupational Health & Safety Risk Assessment Procedure | V24: October 2021 | W24: Complete Done quarteltyRegisters available on site | X24: n/a
C25: 6 | D25: Bullying | E25: 6.1 | F25: Minimize self eesteem | G25: Health | H25: Lack of interpersonal relationship with employees | I25: Bush clearing contractors and Eskom HV Plant employees | J25: HV Plant Manager | K25: Daily | L25: Low productivity | M25: HR policies addressing bullying practices have been improved. | N25: 3 | O25: 3 | P25: II | Q25: Mostly effective | R25: HR Officers do presentation to create awareness. | S25: Audits by Full Time Health and Safety Representative. | T25: HV Plant Supervisors and Technical Supervisor, Contractor site Supervisor | U25: - Occupational Health and Safety Act, 1993 (Act No. 85 of 1993)- 240-62196227 Eskom life saving rules procedure - 240-43848327 Right to Refuse to Work in an unsafe condition procedure - 32-520 Occupational Health & Safety Risk Assessment Procedure - 32-477 Safety Health and Environment Training and Development - 32-285 Medical surveillance - 32-95 Rev. 4 Environmental, Occupational Health and Safety Incident Management Procedure | V25: October 2021 | W25: Complete Done quarteltyRegisters available on site | X25: n/a
C26: 7 | D26: Drug abuse | E26: 7.1 | F26: Poor judgement | G26: Health | H26: Peer pressure | I26: Bush clearing contractors and Eskom HV Plant employees | J26: HV Plant Manager | K26: Daily | L26: Low productivity | M26: Self or Employer recommendations to visit Employee Assistant proggramme facilities always welcomed. | N26: 3 | O26: 3 | P26: II | Q26: Mostly effective | R26: HR Officers do presentation to create awareness. | S26: Audits by Full Time Health and Safety Representative. | T26: HV Plant Supervisors and Technical Supervisor, Contractor site Supervisor | U26: - Occupational Health and Safety Act, 1993 (Act No. 85 of 1993)- 240-62196227 Eskom life saving rules procedure - 240-43848327 Right to Refuse to Work in an unsafe condition procedure - 32-520 Occupational Health & Safety Risk Assessment Procedure - 32-477 Safety Health and Environment Training and Development - 32-285 Medical surveillance - 32-95 Rev. 4 Environmental, Occupational Health and Safety Incident Management Procedure | V26: October 2021 | W26: Complete Done quarteltyRegisters available on site | X26: n/a
C27: 8 | D27: Gender discrimination | E27: 8.1 | F27: Cmpromise self esteem | G27: Health | H27: Gender intolerance | I27: Bush clearing contractors and Eskom HV Plant employees | J27: HV Plant Manager | K27: Daily | L27: Low productivity | M27: Improvement awereness on HR polices managing gender based discrimination is implemented. | N27: 3 | O27: 3 | P27: II | Q27: Mostly effective | R27: HR Officers do presentation to create awareness. | S27: Audits by Full Time Health and Safety Representative. | T27: HV Plant Supervisors and Technical Supervisor, Contractor site Supervisor | U27: - Occupational Health and Safety Act, 1993 (Act No. 85 of 1993)- 240-62196227 Eskom life saving rules procedure - 240-43848327 Right to Refuse to Work in an unsafe condition procedure - 32-520 Occupational Health & Safety Risk Assessment Procedure - 32-477 Safety Health and Environment Training and Development - 32-285 Medical surveillance - 32-95 Rev. 4 Environmental, Occupational Health and Safety Incident Management Procedure | V27: October 2021 | W27: Complete Done quarteltyRegisters available on site | X27: n/a
C28: 9 | D28: Labour unrest | E28: 9.1 | F28: Employees fear for their lives and Eskom property/ Vehicle. | G28: Safety | H28: Poor service delivery by Government. | I28: Bush clearing contractors and Eskom HV Plant employees | J28: HV Plant Manager | K28: As and when | L28: Fatalities Lost Time Injury Medical Incident | M28: Local Police inform the organisation if there are road blocks around. | N28: 5 | O28: 3 | P28: II | Q28: Mostly effective | R28: Organisation always liase with Local Police for the possible | S28: Audits by Full Time Health and Safety Representative. | T28: L&S Plant Supervisors, Contractor site Supervisor | U28: - Occupational Health and Safety Act, 1993 (Act No. 85 of 1993)- 240-62196227 Eskom life saving rules procedure - 240-43848327 Right to Refuse to Work in an unsafe condition procedure - 32-520 Occupational Health & Safety Risk Assessment Procedure - 32-477 Safety Health and Environment Training and Development - 32-285 Medical surveillance - 32-95 Rev. 4 Environmental, Occupational Health and Safety Incident Management Procedure | V28: October 2021 | W28: Complete Done quarteltyRegisters available on site | X28: n/a
B29: R | E29: 6.5 | F29: Working at heights using skyjack, aerial bucket (cherry picker), man-lift or similar device. | G29: Safety | H29: - Ineffective PPE - Lack of concentration - Inadequate Risk assessment - Inadequate communication - Failure to adhere to standards, procedure and instruction - Lack of training on operating the man-lift | I29: Eskom HV Plant and Contractor Employees | J29: HV Plant Manager | K29: Once in 6 yearly for +/- 30 minutes | L29: Fatalities Lost Time Injury Medical Incident | M29: Ensure that Man Lift is load tested annually and inspected 3 monthly by a competent person and inspected before use. Man Lift is operated by a trained/competent person . Ensure that the Man Lift is free to move before operating. Tools, equipment and PPE i.e. full body harness, overalls, safety shoes, hard hats, eye protection, etc to be checked for damage before use. - Correct PPE i.e. Safety shoes, Overall, gloves, hard hat, eye protection, FAS are worn when working at heights - Safe work procedure, Risk assessment and contingency planing is reviewed and discussed before any work commences - Job observation when doing critical task and SMAT (Behavioural) Observations. - A full body harness shall be worn and a lanyard attached to the boom or basket when working from a man-lift. - Hard hats must be worn at all times to provide protection from falling objects. - Aerial man lift devices should be inspected before use - Employees to ensure access equipment are of adequate height | N29: 5 | O29: C | P29: II | Q29: F | R29: 1.Ensure that employees are trained on Working at Height 2.Medical and Psychological fitness. - Ensure that there is supervision | S29: Inspections Audits Supervision | T29: HV Plant Supervisors and Technical Supervisor, Contractor site Supervisor | U29: - Occupational Health and Safety Act, 1993 (Act No. 85 of 1993) - General Safety Regulations, 1986 - General Administrative Regulations, 2003 - Driven Machinery Regulations, 1988 -East Grid fall protection plan - 240-62196227 Eskom life saving rules procedure - 240-43848327 Right to Refuse to Work in an unsafe condition procedure - 32-477 Safety Health and Environment Training and Development - 240-44175132 Eskom Personal Protective Equipment - 32-285 Medical surveillance - 32-95 Environmental, Occupational Health and Safety Incident Management Procedure - 32-520 Occupational Health & Safety Risk Assessment Procedure - 240 - 72092948 East Grid EP Plan | V29: October 2021 | W29: Complete Done quarteltyRegisters available on site | X29: n/a
B30: N | E30: 6.6 | F30: Exposure to thermal stress (excessive cold and heat) depending on the season | G30: Health | H30: - Ultra-violet radiation from the sun - Inclement Weather Conditions (extremely cold / hot conditions) | I30: Eskom HV Plant and Contractor Employees | J30: HV Plant Manager | K30: Once in 6 yearly for +/- 30 minutes | L30: Heat rashes Heat stroke Heat edema Heat exhaustion Heat syncope Heat cramps Heat cramps Hypothermia | M30: - Drinking lot of fluids to prevent dehydration. do help our employees. - Work-rest Regime:Employees are allways encouraged to take resting period or stop an activity when there are warnings of extreme weather condition. - Employees reduces duration of exposure. If exposure occurs, it occurs over short durations. - Employees are subjected to training and education (induction), which includes heat exposure, cold exposure and PPE including control measures. - Employees are acclimatised on working in these weather condition particular hot environment. - Natural ventilation: work is performed outdoors under adequate natural ventilation conditions. The effectiveness of the ventilation condition is mainly determined by weather conditions. - Mechanical ventilation: air conditioning units are installed in the control room in order to regulate indoor temperatures. - Wearing of correct PPE:safety shoes; hard hats; safety overalls / long pants and warm clothing (jackets). | N30: 3 | O30: B | P30: III | Q30: F | R30: Conduct OH Surveys and implement Corrective Actions | S30: Surveys Inspection Audit | T30: HV Plant Supervisors and Technical Supervisor, Contractor site Supervisor | U30: - Occupational Health and Safety Act, Act 85 of 1993 (OHS Act) - Compensation for Occupational Injuries and Diseases Act, Act 130 of 1993 (COID) - Environmental Regulations for Workplaces, 1987 - General Safety Regulations, 1986 - General Administrative Regulations, 2003- 240 - 75567900 Manual for Internal Quality Assurance Management of the Eskom Occupational Hygiene Approved Inspection Authority - 32-520 Occupational Health & Safety Risk Assessment Procedure - 32-477 Safety Health and Environment Training and Development - 240-44175132 Eskom Personal Protective Equipment - 32-285 Medical surveillance - 32-95 Environmental, Occupational Health and Safety Incident Management Procedure | V30: October 2021 | W30: Complete Done quarteltyRegisters available on site | X30: n/a
B31: R | E31: 6.7 | F31: Exposure to SF6 gas which may cause eye, lung and skin irritation | G31: Health | H31: - Accidental release of SF6 gas | I31: Eskom HV Plant and Contractor Employees | J31: HV Plant Manager | K31: Once in 6 yearly for +/- 30 minutes | L31: Lost Time Injury Medical Incident | M31: - Tools, equipment and PPE are checked for damage before use. - Correct PPE i.e. Safety shoes, Overall, gloves, hard hat, eye protection are worn when doing breaker maintenance - Emergency preparedness plan is reviewed and discussed before any work commences - Job observation when doing critical task and SMAT (Behavioural) Observations is done | N31: 4 | O31: C | P31: II | Q31: F | R31: Conduct OH Surveys and implement Corrective Actions | S31: Inspections Audits Supervision | T31: HV Plant Supervisors and Technical Supervisor, Contractor site Supervisor | U31: - Regualtion for Hazardous Chemical Substance (1995) - Occupational Health and Safety Act, 1993 (Act No. 85 of 1993) - General Safety Regulations, 1986 - General Administrative Regulations, 2003 - 32-477 Safety Health and Environment Training and Development - 240-44175132 Eskom Personal Protective Equipment - 32-285 Medical surveillance - 32-95 Environmental, Occupational Health and Safety Incident Management Procedure - 32-520 Occupational Health & Safety Risk Assessment Procedure - 240 - 72092948 East Grid EP Plan. | V31: October 2021 | W31: Complete Done quarteltyRegisters available on site | X31: n/a
B32: R | E32: 6.8 | F32: Explosion of vessels under pressure and SF6 pressurised pipes | G32: Safety | H32: - SF6 containers when involved in fire may rupture or burst in the heat of the fire. - Pressurised SF6 gas pipes | I32: Eskom HV Plant and Contractor Employees | J32: HV Plant Manager | K32: Once in 6 yearly for +/- 30 minutes | L32: Fatalities Lost Time Injury Medical Incident | M32: - Cylinders should be stored upright and be firmly secured to prevent falling or being knocked-over. - Cylinders can be stored in the open, but in such cases, should be protected against extremes of weather and from the dampness of the ground to prevent rusting. - Cylinders should be stored in dry, well-ventilated areas away from sources of heat, ignition and direct sunlight. - Keep storage area clear of materials which can burn. - Correct PPE i.e. Safety shoes, Overall, gloves, hard hat, eye protection are worn - Emergency preparedness plan is reviewed and discussed before any work commences | N32: 6 | O32: B | P32: I | Q32: F | R32: - Conduct HCS awareness - Enforce current controls. | S32: Inspections Audits Supervision | T32: HV Plant Supervisors and Technical Supervisor, Contractor site Supervisor | U32: - Regulation for Hazardous Chemical Substances (1995) - Occupational Health and Safety Act, 1993 (Act No. 85 of 1993) - Environmental Regulations for Workplaces (1987) - General Administrative Regulations, 2003 - TST41-1114 (outdoor breaker) scope of work and work report - 32-477 Safety Health and Environment Training and Development - 240-44175132 Eskom Personal Protective Equipment - 32-285 Medical surveillance - 32-95 Environmental, Occupational Health and Safety Incident Management Procedure - 240 - 72092948 East Grid EP Plan. | V32: October 2021 | W32: Complete Done quarteltyRegisters available on site | X32: n/a
B33: R | E33: 6.9 | F33: Use of faulty or incorrect equipment / tools | G33: Safety | H33: - Lack of training and knowledge -Inadequate Risk assessment - Inadequate Inspection and maintenance | I33: Eskom HV Plant and Contractor Employees | J33: HV Plant Manager | K33: Once in 6 yearly for +/- 30 minutes | L33: Medical Incident First Aid Incident, Lost time Injury. | M33: - Proper work plan to ensure that all required tool and equipments are available when doing circuit breaker maintanance - Ensure that risk assessment is done before work commences. - Tools, equipment and PPE i.e. gloves, etc to be checked for damage before use. | N33: 4 | O33: C | P33: II | Q33: F | R33: - Conduct inspections - Ensure supervision. - Enforce current controls | S33: Inspections Audits Supervision | T33: HV Plant Supervisors and Technical Supervisor, Contractor site Supervisor | U33: - Occupational Health and Safety Act, 1993 (Act No. 85 of 1993) - General Safety Regulations, 1986 - General Administrative Regulations, 2003- 32-477 Safety Health and Environment Training and Development - 240-44175132 Eskom Personal Protective Equipment -32-95 Environmental, Occupational Health and Safety Incident Management Procedure | V33: October 2021 | W33: Complete Done quarteltyRegisters available on site | X33: n/a
B34: R | C34: 7 | D34: Substandard condition Circuit breakers with Oil | E34: 7.1 | F34: Electrocution | G34: Health | H34: - Climbing on the wrong panel - Working in a live yard - Violation of ORHVS | I34: Eskom HV Plant and Contractor Employees | J34: HV Plant Manager | K34: Once in 6 yearly for +/- 30 minutes | L34: Electric shock Psychological damage Physical burns Neurological damage Ventricular fibrillation resulting in fatality | M34: - Technicians always ensure that equipment is opened, isolated and safe to work on. - An equipotential safety zone is created for each worker on the job site by earthing, bonding and/or insulating according to approved procedures to avoid contact by charging the equipment being tested. - Authorised person (team leader) has certified and shown all team members that the apparatus is safe to work on. - Pre-task risk assessment to identify all risks and hazards has been conducted and complete workers register prior to any work commencing. - Permit is always issued before commencement of the testing activities. - PPE issued:(encompassing non-slip safety boots, electrical shock-resistant boots, long sleeve and long pants),and restriction on wearing of jewellery, long breem safety hat. - Emergency preparedness plan is reviewed and discussed before any work commences. - Test Equipment.- Use updated drawings. | N34: 5 | O34: C | P34: II | Q34: F | R34: -Ensure that Supervision is in place - Enforce compliance to ORHVS - Ensure that Planned Task Observations are conducted | S34: Inspections Audits Supervision | T34: HV Plant Supervisors and Technical Supervisor, Contractor site Supervisor | U34: - Occupational Health and Safety Act, Act 85 of 1993 (OHS Act) - Compensation for Occupational Injuries and Diseases Act, Act 130 of 1993 (COID) - General Safety Regulations, 1986 - General Administrative Regulations, 2003- TPC 41-203 Topping up procedure - TST 41-42 Circuit breaker maintenance standard - TST41-1114 (outdoor breaker) scope of work and work report - 32-846 Operating Regulations for High Voltage System - 240-43848327 Right to Refuse to Work in an unsafe condition procedure - 32-477 Safety Health and Environment Training and Development - 240-44175132 Eskom Personal Protective Equipment - 32-285 Medical surveillance - 32-95 Environmental, Occupational Health and Safety Incident Management Procedure - 32-520 Occupational Health & Safety Risk Assessment Procedure - 240 - 72092948 East Grid EP Plan | V34: October 2021 | W34: Complete Done quarteltyRegisters available on site | X34: n/a
B35: R | E35: 7.2 | F35: Charged closing and tripping strings | G35: Safety | H35: - Not discharging the closing and tripping strings | I35: Eskom HV Plant and Contractor Employees | J35: HV Plant Manager | K35: Once in 6 yearly for +/- 30 minutes | L35: Lost Time Injury Medical Incident | M35: - Before commencing any work inside mechanism, staff ensures that the springs are discharged and the circuit breaker made safe. | N35: 4 | O35: B | P35: III | Q35: F | R35: - Enforce current control. - Enorce compliance to ORHVS | S35: Inspections Audits Supervision | T35: HV Plant Supervisors and Technical Supervisor, Contractor site Supervisor | U35: - Occupational Health and Safety Act, 1993 (Act No. 85 of 1993) - General Safety Regulations, 1986 - General Administrative Regulations, 2003 - 32-846 Operating Regulations for High Voltage System - TST 41-42 Circuit breaker maintenance standard - 32-520 Occupational Health & Safety Risk Assessment Procedure | V35: October 2021 | W35: Complete Done quarteltyRegisters available on site | X35: n/a
B36: R | E36: 7.3 | F36: Operating on the wrong panel | G36: Safety | H36: - No proper barricading - No proper toolbox talk - Lack of being properly informed - Failure to adhere to standard, procedures | I36: Eskom HV Plant and Contractor Employees | J36: HV Plant Manager | K36: Once in 6 yearly for +/- 30 minutes | L36: Loss of power supply Property damage Lost Time Injury Electrocution or Medical Incident | M36: - The requirements of the ORHVS Regulation i.e. ORHVS training and authorisation, access management, conduct pre-task risk assessment, complete workers register, work permit in place and, barricading the work environment is implemented. - The panel to worked on gets properly barricaded. - Before work commences site specific risk assessment as per scope of work is conducted. - All risks identified and the control measures get discussed with everyone involved in the task. - All applicable rules, standards and procedures are adhered to, at all times - Emergency preparedness plan is reviewed and discussed before any work commences - Job observation when doing critical task and SMAT (Behavioural) Observations. | N36: 4 | O36: C | P36: II | Q36: F | R36: -Ensure that Supervision is in place - Enforce compliance to ORHVS - Ensure that Planned Task Observations are conducted | S36: Inspections Audits Supervision | T36: HV Plant Supervisors and Technical Supervisor, Contractor site Supervisor | U36: - Occupational Health and Safety Act, 1993 (Act No. 85 of 1993) - General Safety Regulations, 1986 - General Administrative Regulations, 2003 - Site specific induction training R101 | V36: October 2021 | W36: Complete Done quarteltyRegisters available on site | X36: n/a
B37: R | E37: 7.4 | F37: Working at heights using scaffolding | G37: Safety | H37: - Lack of training and knowledge on scaffolding - Ineffective PPE - Lack of concentration - Inadequate Risk assessment - Inadequate communication - Failure to adhere to standards, procedure and instruction | I37: Eskom HV Plant and Contractor Employees | J37: HV Plant Manager | K37: Once in 6 yearly for +/- 30 minutes | L37: Fatalities Lost Time Injury Medical Incident | M37: - Trained ,Qualified and Authorised Scaffolding erectors, inspectors are responsible persons to signed off suitable safe to use scaffolding. - Scaffolding are erected in accordance with SANS Standard. - All employees working on Scaffolding do wear fall protection and tie onto structure or guard rail. - Scaffold are inspected before use - Performance test of scaffolding are done as per DMR Regulations - Psychological and Medical fitness test for all employees are conducted by certified by a medical Practitioner. | N37: 5 | O37: D | P37: I | Q37: F | R37: 1.Ensure that employees are trained on Working at Height 2.Medical and Psychological fitness. - Ensure that there is supervision to enforce current controls.gvrryt | S37: Inspections Audits Supervision | T37: HV Plant Supervisors and Technical Supervisor, Contractor site Supervisor | U37: - Occupational Health and Safety Act, 1993 (Act No. 85 of 1993) - General Safety Regulations, 1986 - General Administrative Regulations, 2003 East Grid fall protection plan - 240-62196227 Eskom life saving rules procedure - 240-43848327 Right to Refuse to Work in an unsafe condition procedure - 32-477 Safety Health and Environment Training and Development - 240-44175132 Eskom Personal Protective Equipment - 32-285 Medical surveillance - 32-95 Environmental, Occupational Health and Safety Incident Management Procedure - 32-520 Occupational Health & Safety Risk Assessment Procedure - 240 - 72092948 East Grid EP Plan | V37: October 2021 | W37: Complete Done quarteltyRegisters available on site | X37: n/a
B38: R | E38: 7.5 | F38: Working at heights using man-lift | G38: Safety | H38: - Ineffective PPE - Lack of concentration - Inadequate Risk assessment - Inadequate communication - Failure to adhere to standards, procedure and instruction - Lack of training on operating the man-lift | I38: Eskom HV Plant and Contractor Employees | J38: HV Plant Manager | K38: Once in 6 yearly for +/- 30 minutes | L38: Fatalities Lost Time Injury Medical Incident | M38: - The man-lift get load tested annually and inspected 3 monthly by a competent person and inspected before use. - Man-lift get operated by trained / competent personnel. - Tools, equipment and PPE i.e. full body harness, overalls, safety shoes, hard hats, eye protection, etc are checked for damage before use. - Correct PPE i.e. Safety shoes, Overall, gloves, hard hat, eye protection, FAS are worn when working at heights - Emergency preparedness plan is reviewed and discussed before any work commences - Job observation when doing critical task and SMAT (Behavioural) Observations. - A full body harness is worn and a lanyard attached to the boom or basket when working from a man-lift. - Hard hats are worn at all times to provide protection from falling objects. - Aerial man lift devices are inspected before use - Employees do ensure access equipment are of adequate height | N38: 5 | O38: D | P38: I | Q38: F | R38: 1.Ensure that employees are trained on Working at Height 2.Medical and Psychological fitness. - Ensure that there is supervision | S38: Inspections Audits Supervision | T38: HV Plant Supervisors and Technical Supervisor, Contractor site Supervisor | U38: - Occupational Health and Safety Act, 1993 (Act No. 85 of 1993) - General Safety Regulations, 1986 - General Administrative Regulations, 2003 - Driven Machinery Regulations, 1988 East Grid fall protection plan - 240-62196227 Eskom life saving rules procedure - 240-43848327 Right to Refuse to Work in an unsafe condition procedure - 32-477 Safety Health and Environment Training and Development - 240-44175132 Eskom Personal Protective Equipment - 32-285 Medical surveillance - 32-95 Environmental, Occupational Health and Safety Incident Management Procedure - 240 - 72092948 East Grid EP Plan. | V38: October 2021 | W38: Complete Done quarteltyRegisters available on site | X38: n/a
B39: R | E39: 7.6 | F39: Exposure to thermal stress (excessive cold and heat) depending on the season | G39: Health | H39: - Ultra-violet radiation from the sun - Inclement Weather Conditions (extremely cold / hot conditions) | I39: Eskom HV Plant and Contractor Employees | J39: HV Plant Manager | K39: Once in 6 yearly for +/- 30 minutes | L39: Heat rashes Heat stroke Heat edema Heat exhaustion Heat syncope Heat cramps Heat cramps Hypothermia | M39: - Drinking lot of fluids to prevent dehydration. do help our employees. - Work-rest Regime:Employees are allways encouraged to take resting period or stop an activity when there are warnings of extreme weather condition. - Employees reduces duration of exposure. If exposure occurs, it occurs over short durations. - Employees are subjected to training and education (induction), which includes heat exposure, cold exposure and PPE including control measures. - Employees are acclimatised on working in these weather condition particular hot environment. - Natural ventilation: work is performed outdoors under adequate natural ventilation conditions. The effectiveness of the ventilation condition is mainly determined by weather conditions. - Mechanical ventilation: air conditioning units are installed in the control room in order to regulate indoor temperatures. - Wearing of correct PPE:safety shoes; hard hats; safety overalls / long pants and warm clothing (jackets). | N39: 3 | O39: C | P39: II | Q39: F | R39: Conduct OH Surveys and implement Corrective Actions | S39: Surveys Inspection Audit | T39: HV Plant Supervisors and Technical Supervisor, Contractor site Supervisor | U39: - Occupational Health and Safety Act, Act 85 of 1993 (OHS Act) - Compensation for Occupational Injuries and Diseases Act, Act 130 of 1993 (COID) - Environmental Regulations for Workplaces, 1987 - General Safety Regulations, 1986 - General Administrative Regulations, 2003- 240 - 75567900 Manual for Internal Quality Assurance Management of the Eskom Occupational Hygiene Approved Inspection Authority - 32-520 Occupational Health & Safety Risk Assessment Procedure - 32-477 Safety Health and Environment Training and Development - 240-44175132 Eskom Personal Protective Equipment - 32-285 Medical surveillance - 32-95 Environmental, Occupational Health and Safety Incident Management Procedure | V39: October 2021 | W39: Complete Done quarteltyRegisters available on site | X39: n/a
B40: R | E40: 7.7 | F40: Use of faulty or incorrect equipment / tools | G40: Safety | H40: - Lack of training and knowledge -Inadequate Risk assessment - Inadequate Inspection and maintenance | I40: Eskom HV Plant and Contractor Employees | J40: HV Plant Manager | K40: Once in 6 yearly for +/- 30 minutes | L40: Medical Incident First Aid Incident | M40: - Proper work plan to ensure that all required tool and equipments are available when doing circuit breaker maintanance is prapred. - The risk assessment is always done before work commences. - Tools, equipment and PPE i.e. gloves, etc are checked for damage before use. | N40: 3 | O40: B | P40: III | Q40: F | R40: - Conduct inspections - Ensure supervision. - Enforce current controls | S40: Inspections Audits Supervision | T40: HV Plant Supervisors and Technical Supervisor, Contractor site Supervisor | U40: - Occupational Health and Safety Act, 1993 (Act No. 85 of 1993) - General Safety Regulations, 1986 - General Administrative Regulations, 2003- 32-477 Safety Health and Environment Training and Development - 240-44175132 Eskom Personal Protective Equipment - 32-95 Environmental, Occupational Health and Safety Incident Management Procedure | V40: October 2021 | W40: Complete Done quarteltyRegisters available on site | X40: n/a
B41: R | E41: 7.8 | F41: Contact with circuit breaker oil | G41: Health | H41: - Accidental leakage of circuit braker oil | I41: Eskom HV Plant and Contractor Employees | J41: HV Plant Manager | K41: Once in 6 yearly for +/- 30 minutes | L41: Eye, noseand throat irritation Dermatitis (Inflammation) | M41: - All equipment that are leaking oil are repaired - MSDS for the oil is available and employees are trained on MSDS and control measures in case of contact incident - The risk assessment is always done B6before work commences. - Tools, equipment and PPE i.e. gloves, etc are checked for damages before use. | N41: 3 | O41: C | P41: II | Q41: F | R41: - Enforce current controls. Conduct inspections | S41: Inspections Audits Supervision | T41: HV Plant Supervisors and Technical Supervisor, Contractor site Supervisor | U41: - Occupational Health and Safety Act, 1993 (Act No. 85 of 1993) - Regualtion for Hazardous Chemical Substance (1995) - General Safety Regulations, 1986 - General Administrative Regulations, 2003- 32-477 Safety Health and Environment Training and Development - 240-44175132 Eskom Personal Protective Equipment - 32-285 Medical surveillance - 32-95 Environmental, Occupational Health and Safety Incident Management Procedure | V41: October 2021 | W41: Complete Done quarteltyRegisters available on site | X41: n/a
A42: Circuit Breaker Maintenance (Gas and oil breakers) - Major overhaul maintenance task (MOT) | B42: R | C42: 8 | D42: Substandard condition Circuit breaker with SF6 (Sulphur Hexaflouride) gas. | E42: 8.1 | F42: Electrocution | G42: Health | H42: - Climbing on the wrong panel - Working in a live yard - Violation of ORHVS | I42: Eskom HV Plant and Contractor Employees | J42: HV Plant Manager | K42: Once in 12 years | L42: Electric shock Psychological damage Physical burns Neurological damage Ventricular fibrillation resulting in fatality | M42: - MSDS for the oil is available and employees are trained on MSDS and control measures in case of contact incident | N42: 5 | O42: D | P42: I | Q42: F | R42: -Ensure that Supervision is in place - Enforce compliance to ORHVS - Ensure that Planned Task Observations are conducted | S42: Inspections Audits Supervision | T42: HV Plant Supervisors and Technical Supervisor, Contractor site Supervisor | U42: - Occupational Health and Safety Act, Act 85 of 1993 (OHS Act) - Compensation for Occupational Injuries and Diseases Act, Act 130 of 1993 (COID) - General Safety Regulations, 1986 - General Administrative Regulations, 2003- 32-846 Operating Regulations for High Voltage System - 240-43848327 Right to Refuse to Work in an unsafe condition procedure - 32-477 Safety Health and Environment Training and Development - 240-75567900 Manual for Internal QualityAssurance Management of the Eskom Occupational Hygiene Approved Inspection Authority - 240-44175132 Eskom Personal Protective Equipment - 32-285 Medical surveillance - 32-95 Environmental, Occupational Health and Safety Incident Management Procedure -240-52456757Contract specification for vegetation management services on Eskom Networks - EP Plan | V42: October 2021 | W42: Complete Done quarteltyRegisters available on site | X42: n/a
B43: R | E43: 8.2 | F43: Charged closing and tripping strings | G43: Safety | H43: - Not discharging the closing and tripping strings | I43: Eskom HV Plant and Contractor Employees | J43: HV Plant Manager | K43: Once in 12 years | L43: Lost Time Injury Medical Incident | M43: - The risk assessment is always done B6before work commences. | N43: 4 | O43: C | P43: II | Q43: F | R43: -Ensure that Supervision is in place - Enforce compliance to ORHVS - Ensure that Planned Task Observations are conducted | S43: Inspections Audits Supervision | T43: HV Plant Supervisors and Technical Supervisor, Contractor site Supervisor | U43: - Occupational Health and Safety Act, 1993 (Act No. 85 of 1993) - General Safety Regulations, 1986 - General Administrative Regulations, 2003 - 32-846 Operating Regulations for High Voltage System - TST 41-42 Circuit breaker maintenance standard - 32-520 Occupational Health & Safety Risk Assessment Procedure | V43: October 2021 | W43: Complete Done quarteltyRegisters available on site | X43: n/a
B44: R | E44: 8.3 | F44: Operating on the wrong panel | G44: Safety | H44: - No proper barricading - No proper toolbox talk - No being of being properly informed - Failure to adhere to standard, procedures | I44: Eskom HV Plant and Contractor Employees | J44: HV Plant Manager | K44: Once in 12 years | L44: Loss of power supply Property damage | M44: - Tools, equipment and PPE i.e. gloves, etc are checked for damages before use. | N44: 1 | O44: B | P44: IV | Q44: F | R44: -Ensure that Supervision is in place - Enforce compliance to ORHVS - Ensure that Planned Task Observations are conducted | S44: Inspections Audits Supervision | T44: HV Plant Supervisors and Technical Supervisor, Contractor site Supervisor | U44: - Occupational Health and Safety Act, 1993 (Act No. 85 of 1993) - General Safety Regulations, 1986 - General Administrative Regulations, 2003 - 240-62196227 Eskom life saving rules procedure - 32-477 Safety Health and Environment Training and Development - 240-44175132 Eskom Personal Protective Equipment - 32-285 Medical surveillance - 32-95 Environmental, Occupational Health and Safety Incident Management Procedure - 32-520 Occupational Health & Safety Risk Assessment Procedure - 240 - 72092948 Port Elizabeth EP Plan - 240-72092946 East London EP Plan | V44: October 2021 | W44: Complete Done quarteltyRegisters available on site | X44: n/a
B45: R | E45: 8.4 | F45: Working at heights using scaffolding | G45: Safety | H45: - Lack of training and knowledge on scaffolding - Ineffective PPE - Lack of concentration - Inadequate Risk assessment - Inadequate communication - Failure to adhere to standards, procedure and instruction | I45: Eskom HV Plant and Contractor Employees | J45: HV Plant Manager | K45: Once in 12 years | L45: Fatalities Lost Time Injury Medical Incident | M45: - Trained ,Qualified and Authorised Scaffolding erectors, inspectors are responsible persons to signed off suitable safe to use scaffolding. - Scaffolding are erected in accordance with SANS Standard. - All employees working on Scaffolding do wear fall protection and tie onto structure or guard rail. - Scaffold are inspected before use - Performance test of scaffolding are done as per DMR Regulations - Psychological and Medical fitness test for all employees are conducted by certified by a medical Practitioner. | N45: 5 | O45: B | P45: II | Q45: F | R45: 1.Ensure that employees are trained on Working at Height 2.Medical and Psychological fitness. - Ensure that there is supervision | S45: Inspections Audits Supervision | T45: HV Plant Supervisors and Technical Supervisor, Contractor site Supervisor | U45: - Occupational Health and Safety Act, 1993 (Act No. 85 of 1993) - General Safety Regulations, 1986 - General Administrative Regulations, 2003 - Eat Grid Fall Protection Plan.240-62196227 Eskom life saving rules procedure - 32-477 Safety Health and Environment Training and Development - 240-44175132 Eskom Personal Protective Equipment - 32-285 Medical surveillance - 32-95 Environmental, Occupational Health and Safety Incident Management Procedure 32-520 Occupational Health & Safety Risk Assessment Procedure East Grid EP Plan | V45: October 2021 | W45: Complete Done quarteltyRegisters available on site | X45: n/a
B46: R | E46: 8.5 | F46: Working at heights using man-lift | G46: Safety | H46: - Ineffective PPE - Lack of concentration - Inadequate Risk assessment - Inadequate communication - Failure to adhere to standards, procedure and instruction - Lack of training on operating the man-lift | I46: Eskom HV Plant and Contractor Employees | J46: HV Plant Manager | K46: Once in 12 years | L46: Fatalities Lost Time Injury Medical Incident | M46: - The man-lift is load tested annually and inspected 3 monthly by a competent person and inspected before use. - Man-lift is operated by trained / competent personnel. - Tools, equipment and PPE i.e. full body harness, overalls, safety shoes, hard hats, eye protection, etc are checked for damage before use. - Correct PPE i.e. Safety shoes, Overall, gloves, hard hat, eye protection, FAS are worn when working at heights - Emergency preparedness plan is reviewed and discussed before any work commences - Job observation when doing critical task and SMAT (Behavioural) Observations is conducted. - A full body harness is worn and a lanyard attached to the boom or basket when working from a man-lift. - Hard hats are worn at all times to provide protection from falling objects. - Aerial man lift devices is inspected before use - Employees to ensure access equipment are of adequate height | N46: 5 | O46: B | P46: II | Q46: F | R46: 1.Ensure that employees are trained on Working at Height 2.Medical and Psychological fitness. - Ensure that there is supervision | S46: Inspections Audits Supervision | T46: HV Plant Supervisors and Technical Supervisor, Contractor site Supervisor | U46: - Occupational Health and Safety Act, 1993 (Act No. 85 of 1993) - General Safety Regulations, 1986 - General Administrative Regulations, 2003 - Driven Machinery Regulations, 1988 - Eat Grid Fall Protection Plan.240-62196227 Eskom life saving rules procedure - 32-477 Safety Health and Environment Training and Development - 240-44175132 Eskom Personal Protective Equipment - 32-285 Medical surveillance - 32-95 Environmental, Occupational Health and Safety Incident Management Procedure 32-520 Occupational Health & Safety Risk Assessment Procedure East Grid EP Plan | V46: October 2021 | W46: Complete Done quarteltyRegisters available on site | X46: n/a
B47: N | E47: 8.6 | F47: Exposure to thermal stress (excessive cold and heat) depending on the season | G47: Health | H47: - Ultra-violet radiation from the sun - Inclement Weather Conditions (extremely cold / hot conditions) | I47: Eskom HV Plant and Contractor Employees | J47: HV Plant Manager | K47: Once in 12 years | L47: Heat rashes Heat stroke Heat edema Heat exhaustion Heat syncope Heat cramps Heat cramps Hypothermia | M47: - Drinking lot of fluids to prevent dehydration. do help our employees. - Work-rest Regime:Employees are allways encouraged to take resting period or stop an activity when there are warnings of extreme weather condition. - Employees reduces duration of exposure. If exposure occurs, it occurs over short durations. - Employees are subjected to training and education (induction), which includes heat exposure, cold exposure and PPE including control measures. - Employees are acclimatised on working in these weather condition particular hot environment. - Natural ventilation: work is performed outdoors under adequate natural ventilation conditions. The effectiveness of the ventilation condition is mainly determined by weather conditions. - Mechanical ventilation: air conditioning units are installed in the control room in order to regulate indoor temperatures. - Wearing of correct PPE:safety shoes; hard hats; safety overalls / long pants and warm clothing (jackets). | N47: 3 | O47: C | P47: II | Q47: F | R47: Conduct OH Surveys and implement Corrective Actions | S47: Surveys Inspection Audit | T47: HV Plant Supervisors and Technical Supervisor, Contractor site Supervisor | U47: - Occupational Health and Safety Act, Act 85 of 1993 (OHS Act) - Compensation for Occupational Injuries and Diseases Act, Act 130 of 1993 (COID) - Environmental Regulations for Workplaces, 1987 - General Safety Regulations, 1986 - General Administrative Regulations, 2003- 240 - 75567900 Manual for Internal Quality Assurance Management of the Eskom Occupational Hygiene Approved Inspection Authority - 32-520 Occupational Health & Safety Risk Assessment Procedure - 32-477 Safety Health and Environment Training and Development - 240-44175132 Eskom Personal Protective Equipment - 32-285 Medical surveillance - 32-95 nvironmental, Occupational Health and Safety Incident Management Procedure | V47: October 2021 | W47: Complete Done quarteltyRegisters available on site | X47: n/a
B48: R | E48: 8.7 | F48: Exposure to SF6 gas which may cause eye, lung and skin irritation | G48: Health | H48: - Accidental release of SF6 gas | I48: Eskom HV Plant and Contractor Employees | J48: HV Plant Manager | K48: Once in 12 years | L48: Lost Time Injury Medical Incident | M48: - Tools, equipment and PPE get C5checked for damages before use. - Correct PPE i.e. Safety shoes, Overall, gloves, hard hat, eye protection are worn when doing breaker maintenance - Emergency preparedness plan is reviewed and discussed before any work commences - Job observation when doing critical task and SMAT (Behavioural) Observations. | N48: 4 | O48: C | P48: II | Q48: F | R48: - Enforce current controls. Conduct inspections | S48: Inspections Audits Supervision | T48: HV Plant Supervisors and Technical Supervisor, Contractor site Supervisor | U48: - Regualtion for Hazardous Chemical Substance (1995) - Occupational Health and Safety Act, 1993 (Act No. 85 of 1993) - General Safety Regulations, 1986 - General Administrative Regulations, 2003 - 32-477 Safety Health and Environment Training and Development - 240-44175132 Eskom Personal Protective Equipment - 32-285 Medical surveillance - 32-95 Environmental, Occupational Health and Safety Incident Management Procedure - 32-520 Occupational Health & Safety Risk Assessment Procedure -East Grid EP Plan | V48: October 2021 | W48: Complete Done quarteltyRegisters available on site | X48: n/a
B49: R | E49: 8.8 | F49: Explosion of vessels under pressure and SF6 pressurised pipes | G49: Safety | H49: - SF6 containers when involved in fire may rupture or burst in the heat of the fire. - Pressurised SF6 gas pipes | I49: Eskom HV Plant and Contractor Employees | J49: HV Plant Manager | K49: Once in 12 years | M49: - Cylinders are stored upright and firmly secured to prevent falling or being knocked-over. - Cylinders are stored in the open spaces, but also protected against extremes of weather and from the dampness of the ground to prevent rusting. - Cylinders are stored in dry, well-ventilated areas away from sources of heat, ignition and direct sunlight. - Storages areas are kept clear of materials which can burn. - Correct PPE i.e. Safety shoes, Overall, gloves, hard hat, eye protection are worn - Emergency preparedness plan is reviewed and discussed before any work commences. | N49: 6 | O49: C | P49: I | Q49: F | R49: - Enforce current controls. Conduct inspections | S49: Inspections Audits Supervision | T49: HV Plant Supervisors and Technical Supervisor, Contractor site Supervisor | U49: - Regualtion for Hazardous Chemical Substance (1995) - Occupational Health and Safety Act, 1993 (Act No. 85 of 1993) - General Safety Regulations, 1986 - General Administrative Regulations, 2003- TST41-1114 (outdoor breaker) scope of work and work report - 32-477 Safety Health and Environment Training and Development - 240-44175132 Eskom Personal Protective Equipment - 32-285 Medical surveillance - 32-95 Environmental, Occupational Health and Safety Incident Management Procedure East Grid EP Plan | V49: October 2021 | W49: Complete Done quarteltyRegisters available on site | X49: n/a
B50: R | E50: 8.9 | F50: Use of faulty or incorrect equipment / tools | G50: Safety | H50: - Lack of training and knowledge -Inadequate Risk assessment - Inadequate Inspection and maintenance | I50: Eskom HV Plant and Contractor Employees | J50: HV Plant Manager | K50: Once in 12 years | L50: Medical Incident First Aid Incident, Lost time Injury. | M50: - Proper work plan is developed to ensure that all required tool and equipments are available when doing circuit breaker maintanance - Risk assessment is done before work commences. - Tools, equipment and PPE i.e. gloves, etc are checked for damages before use. | N50: 4 | O50: C | P50: II | Q50: F | R50: - Conduct inspections - Ensure supervision. - Enforce current controls | S50: Inspections Audits Supervision | T50: HV Plant Supervisors and Technical Supervisor, Contractor site Supervisor | U50: - Occupational Health and Safety Act, 1993 (Act No. 85 of 1993) - General Safety Regulations, 1986 - General Administrative Regulations, 2003- 32-477 Safety Health and Environment Training and Development - 240-44175132 Eskom Personal Protective Equipment - 32-95 Environmental, Occupational Health and Safety Incident Management Procedure | V50: October 2021 | W50: Complete Done quarteltyRegisters available on site | X50: n/a
B51: R | E51: 8.1 | F51: Rigging using a truck-mounted crane to overhaul circuit breaker | G51: Safety | H51: - Mechanical failure of truck-mounted crane - Lack of training on the truck-mounted crane operating. - Lack of load test certificate and inspection of truck-mounted crane operating. | I51: Eskom HV Plant and Contractor Employees | J51: HV Plant Manager | K51: Once in 6 years | L51: Lost Time Injury Medical Incident Property Damage | M51: - The truck-mounted crane and slings are load tested annually and inspected 3 monthly by a competent person and inspected before use. - Truck-mounted crane is operated by trained / competent person when isolator maintenance is done. The Crane and Load is ensure free movement, not tied down before operating. - Tools, equipment and PPE get checked for damages before use. - Employees are medically tested by the Occupational Health Practitiner and fit for work. -Employees ensure that there is no overhead live conductor to prevent electrical induction. - The area gets barricaded where there is lifting activity to prevent unauthorised persons - Emergency preparedness plan is reviewed and discussed before any work commences - Job observation when doing critical task and SMAT (Behavioural) Observations. | N51: 4 | O51: C | P51: II | Q51: P | R51: - Conduct inspections - Ensure supervision. - Enforce current controls | S51: Inspections Audits Supervision | T51: HV Plant Supervisors and Technical Supervisor, Contractor site Supervisor | U51: - Occupational Health and Safety Act, 1993 (Act No. 85 of 1993) - General Safety Regulations, 1986 - General Administrative Regulations, 2003 - Compensation for Occupational Injuries and Diseases Act, Act 130 of 1993 (COID) - Driven Machinery Regulations, 1988- East Grid fall protection plan - 240-62196227 Eskom life saving rules procedure - 240-43848327 Right to Refuse to Work in an unsafe condition procedure - 32-477 Safety Health and Environment Training and Development - 240-44175132 Eskom Personal Protective Equipment - 32-285 Medical surveillance - 32-95 Environmental, Occupational Health and Safety Incident Management Procedure -East Grid EP Plan | V51: October 2021 | W51: Complete Done quarteltyRegisters available on site | X51: n/a
B52: R | C52: 9 | D52: Substatndard condition Circuit breakers with Oil. | E52: 9.1 | F52: Electrocution | G52: Health | H52: - Climbing on the wrong panel - Working in a live yard - Violation of ORHVS | I52: Eskom HV Plant Employees | J52: HV Plant Manager | K52: Once in 12 years | L52: Electric shock Psychological damage Physical burns Neurological damage Ventricular fibrillation resulting in fatality | N52: 5 | O52: C | P52: II | Q52: F | R52: -Ensure that Supervision is in place - Enforce compliance to ORHVS - Ensure that Planned Task Observations are conducted | S52: Inspections Audits Supervision | T52: HV Plant Supervisors and Technical Supervisor, Contractor site Supervisor | U52: - Occupational Health and Safety Act, Act 85 of 1993 (OHS Act) - Compensation for Occupational Injuries and Diseases Act, Act 130 of 1993 (COID) - General Safety Regulations, 1986 - General Administrative Regulations, 2003- TPC 41-203 Topping up procedure - TST 41-42 Circuit breaker maintenance standard - TST41-1114 (outdoor breaker) scope of work and work report - 32-846 Operating Regulations for High Voltage System - 240-43848327 Right to Refuse to Work in an unsafe condition procedure - 32-477 Safety Health and Environment Training and Development - 240-44175132 Eskom Personal Protective Equipment - 32-285 Medical surveillance - 32-95 Environmental, Occupational Health and Safety Incident Management Procedure - 32-520 Occupational Health & Safety Risk Assessment Procedure - East Grid EP Plan | V52: October 2021 | W52: Complete Done quarteltyRegisters available on site | X52: n/a
B53: R | E53: 9.2 | F53: Charged closing and tripping strings | G53: Safety | H53: - Not discharging the closing and tripping strings | I53: Eskom HV Plant and Contractor Employees | J53: HV Plant Manager | K53: Once in 12 years | L53: Lost Time Injury Medical Incident | M53: - Before commencing any work inside mechanism, employees ensure that the springs are discharged and the circuit breaker made safe. | N53: 4 | O53: B | P53: III | Q53: F | R53: -Ensure that Supervision is in place - Enforce compliance to ORHVS - Ensure that Planned Task Observations are conducted | S53: Inspections Audits Supervision | T53: HV Plant Supervisors and Technical Supervisor, Contractor site Supervisor | U53: - Occupational Health and Safety Act, 1993 (Act No. 85 of 1993) - General Safety Regulations, 1986 - General Administrative Regulations, 2003 - 32-846 Operating Regulations for High Voltage System - TST 41-42 Circuit breaker maintenance standard - 32-520 Occupational Health & Safety Risk Assessment Procedure | V53: October 2021 | W53: Complete Done quarteltyRegisters available on site | X53: n/a
B54: R | E54: 9.3 | F54: Operating on the wrong panel | G54: Safety | H54: - No proper barricading - No proper toolbox talk - No being of being properly informed - Failure to adhere to standard, procedures | I54: Eskom HV Plant and Contractor Employees | J54: HV Plant Manager | K54: Once in 12 years | L54: Loss of power supply Property damage | M54: - The requirements of the ORHVS Regulation i.e. ORHVS training and authorisation, access management, conduct pre-task risk assessment, complete workers register, work permit in place and, barricading the work environment is implemented. - The panel to worked on gets properly barricaded. - Before work commences site specific risk assessment as per scope of work is conducted. - All risks identified and the control measures get discussed with everyone involved in the task. - All applicable rules, standards and procedures are adhered to, at all times - Emergency preparedness plan is reviewed and discussed before any work commences - Job observation when doing critical task and SMAT (Behavioural) Observations. | N54: 1 | O54: B | P54: IV | Q54: F | R54: -Ensure that Supervision is in place - Enforce compliance to ORHVS - Ensure that Planned Task Observations are conducted | S54: Inspections Audits Supervision | T54: HV Plant Supervisors and Technical Supervisor, Contractor site Supervisor | U54: - Occupational Health and Safety Act, 1993 (Act No. 85 of 1993) - General Safety Regulations, 1986 - General Administrative Regulations, 2003 - 240-62196227 Eskom life saving rules procedure - 32-477 Safety Health and Environment Training and Development - 240-44175132 Eskom Personal Protective Equipment - 32-285 Medical surveillance - 32-95 Environmental, Occupational Health and Safety Incident Management Procedure - 32-520 Occupational Health & Safety Risk Assessment Procedure -East Grid EP Plan | V54: October 2021 | W54: Complete Done quarteltyRegisters available on site | X54: n/a
B55: R | E55: 9.4 | F55: Working at heights using scaffolding | G55: Safety | H55: - Lack of training and knowledge on scaffolding - Ineffective PPE - Lack of concentration - Inadequate Risk assessment - Inadequate communication - Failure to adhere to standards, procedure and instruction | I55: Eskom HV Plant and Contractor Employees | J55: HV Plant Manager | K55: Once in 12 years | L55: Fatalities Lost Time Injury Medical Incident | M55: - Trained ,Qualified and Authorised Scaffolding erectors, inspectors are responsible persons to signed off suitable safe to use scaffolding. - Scaffolding are erected in accordance with SANS Standard. - All employees working on Scaffolding do wear fall protection and tie onto structure or guard rail. - Scaffold are inspected before use - Performance test of scaffolding are done as per DMR Regulations - Psychological and Medical fitness test for all employees are conducted by certified by a medical Practitioner. | N55: 5 | O55: D | P55: I | Q55: F | R55: 1.Ensure that employees are trained on Working at Height 2.Medical and Psychological fitness. - Ensure that there is supervision | S55: Inspections Audits Supervision | T55: HV Plant Supervisors and Technical Supervisor, Contractor site Supervisor | U55: - Occupational Health and Safety Act, 1993 (Act No. 85 of 1993) - General Safety Regulations, 1986 - General Administrative Regulations, 2003 - East Grid fall protection plan - 240-62196227 Eskom life saving rules procedure - 240-43848327 Right to Refuse to Work in an unsafe condition procedure - 32-477 Safety Health and Environment Training and Development - 240-44175132 Eskom Personal Protective Equipment - 32-285 Medical surveillance - 32-95 Environmental, Occupational Health and Safety Incident Management Procedure - 32-520 Occupational Health & Safety Risk Assessment Procedure East Grid EP Plan | V55: October 2021 | W55: Complete Done quarteltyRegisters available on site | X55: n/a
B56: R | E56: 9.5 | F56: Working at heights using skyjack, aerial bucket (cherry picker), man-lift or similar device. | G56: Safety | H56: - Ineffective PPE - Lack of concentration - Inadequate Risk assessment - Inadequate communication - Failure to adhere to standards, procedure and instruction - Lack of training on operating the man-lift | I56: Eskom HV Plant and Contractor Employees | J56: HV Plant Manager | K56: Once in 12 years | L56: Fatalities Lost Time Injury Medical Incident | M56: - The man-lift get load tested annually and inspected 3 monthly by a competent person and inspected before use. - Man-lift is operated by trained / competent personnel. - Tools, equipment and PPE i.e. full body harness, overalls, safety shoes, hard hats, eye protection, etc get checked for damage before use. - Correct PPE i.e. Safety shoes, Overall, gloves, hard hat, eye protection, FAS are worn when working at heights - Emergency preparedness plan is reviewed and discussed before any work commences - Job observation when doing critical task and SMAT (Behavioural) Observations. - A full body harness is worn and a lanyard attached to the boom or basket when working from a man-lift. - Hard hats are worn at all times to provide protection from falling objects. - Aerial man lift devices get inspected before use - Employees ensures access equipment are of adequate height. | N56: 5 | O56: C | P56: II | Q56: F | R56: 1.Ensure that employees are trained on Working at Height 2.Medical and Psychological fitness. - Ensure that there is supervision | S56: Inspections Audits Supervision | T56: HV Plant Supervisors and Technical Supervisor, Contractor site Supervisor | U56: - Occupational Health and Safety Act, 1993 (Act No. 85 of 1993) - General Safety Regulations, 1986 - General Administrative Regulations, 2003 - Driven Machinery Regulations, 1988 - East Grid fall protection plan - 240-62196227 Eskom life saving rules procedure - 240-43848327 Right to Refuse to Work in an unsafe condition procedure - 32-477 Safety Health and Environment Training and Development - 240-44175132 Eskom Personal Protective Equipment - 32-285 Medical surveillance - 32-95 Environmental, Occupational Health and Safety Incident Management Procedure - 32-520 Occupational Health & Safety Risk Assessment Procedure East Grid EP Plan | V56: October 2021 | W56: Complete Done quarteltyRegisters available on site | X56: n/a
B57: N | E57: 9.6 | F57: Exposure to thermal stress (excessive cold and heat) depending on the season | G57: Health | H57: - Ultra-violet radiation from the sun - Inclement Weather Conditions (extremely cold / hot conditions) | I57: Eskom HV Plant and Contractor Employees | J57: HV Plant Manager | K57: Once in 12 years | L57: Heat rashes Heat stroke Heat edema Heat exhaustion Heat syncope Heat cramps Heat cramps Hypothermia | M57: - Drinking lot of fluids to prevent dehydration. do help our employees. - Work-rest Regime:Employees are allways encouraged to take resting period or stop an activity when there are warnings of extreme weather condition. - Employees reduces duration of exposure. If exposure occurs, it occurs over short durations. - Employees are subjected to training and education (induction), which includes heat exposure, cold exposure and PPE including control measures. - Employees are acclimatised on working in these weather condition particular hot environment. - Natural ventilation: work is performed outdoors under adequate natural ventilation conditions. The effectiveness of the ventilation condition is mainly determined by weather conditions. - Mechanical ventilation: air conditioning units are installed in the control room in order to regulate indoor temperatures. - Wearing of correct PPE:safety shoes; hard hats; safety overalls / long pants and warm clothing (jackets). | N57: 4 | O57: B | P57: III | Q57: F | R57: Conduct OH Surveys and implement Corrective Actions | S57: Surveys Inspection Audit | T57: HV Plant Supervisors and Technical Supervisor, Contractor site Supervisor | U57: - Occupational Health and Safety Act, Act 85 of 1993 (OHS Act) - Compensation for Occupational Injuries and Diseases Act, Act 130 of 1993 (COID) - Environmental Regulations for Workplaces, 1987 - General Safety Regulations, 1986 - General Administrative Regulations, 2003- 240 - 75567900 Manual for Internal Quality Assurance Management of the Eskom Occupational Hygiene Approved Inspection Authority - 32-520 Occupational Health & Safety Risk Assessment Procedure - 32-477 Safety Health and Environment Training and Development - 240-44175132 Eskom Personal Protective Equipment - 32-285 Medical surveillance - 32-95 Environmental, Occupational Health and Safety Incident Management Procedure | V57: October 2021 | W57: Complete Done quarteltyRegisters available on site | X57: n/a
B58: R | E58: 9.7 | F58: Use of faulty or incorrect equipment / tools | G58: Safety | H58: - Lack of training and knowledge -Inadequate Risk assessment - Inadequate Inspection and maintenance | I58: Eskom HV Plant and Contractor Employees | J58: HV Plant Manager | K58: Once in 12 years | L58: Medical Incident First Aid Incident, Lost time Injury. | M58: - Proper work plan is prepared to ensure that all required tools and equipments are available when doing circuit breaker maintanance is done. - The risk assessment is done before work commences. - Tools, equipment and PPE i.e. gloves are checked for damage before use.mmmm | N58: 3 | O58: B | P58: III | Q58: F | R58: - Conduct inspections - Ensure supervision. - Enforce current controls | S58: Inspections Audits Supervision | T58: HV Plant Supervisors and Technical Supervisor, Contractor site Supervisor | U58: - Occupational Health and Safety Act, 1993 (Act No. 85 of 1993) - General Safety Regulations, 1986 - General Administrative Regulations, 2003- 32-477 Safety Health and Environment Training and Development - 240-44175132 Eskom Personal Protective Equipment - 32-95 Environmental, Occupational Health and Safety Incident Management Procedure | V58: October 2021 | W58: Complete Done quarteltyRegisters available on site | X58: n/a
B59: R | E59: 9.8 | F59: Contact with circuit breaker oil | G59: Health | H59: - Accidental leakage of circuit braker oil | I59: Eskom HV Plant and Contractor Employees | J59: HV Plant Manager | K59: Once in 6 years | L59: Eye, noseand throat irritation Dermatitis (Inflammation) | M59: - We ensure that all equipment leaking oil are repaired - We also ensure that MSDS for the oil is available and employees are trained on MSDS and control measures in case of contact incident - The risk assessment is done before work commences. - Tools, equipment and PPE i.e. gloves, etc is checked for damage before use. | N59: 4 | O59: C | P59: II | Q59: F | R59: - Conduct inspections - Ensure supervision. - Enforce current controls | S59: Inspections Audits Supervision | T59: HV Plant Supervisors and Technical Supervisor, Contractor site Supervisor | U59: - Occupational Health and Safety Act, 1993 (Act No. 85 of 1993) - Regualtion for Hazardous Chemical Substance (1995) - General Safety Regulations, 1986 - General Administrative Regulations, 2003- 32-477 Safety Health and Environment Training and Development - 240-44175132 Eskom Personal Protective Equipment - 32-285 Medical surveillance - 32-95 Environmental, Occupational Health and Safety Incident Management Procedure | V59: October 2021 | W59: Complete Done quarteltyRegisters available on site | X59: n/a
B60: R | E60: 9.9 | F60: Rigging using a truck-mounted crane to overhaul circuit breaker | G60: Safety | H60: - Mechanical failure of truck-mounted crane - Lack of training on the truck-mounted crane operating. - Lack of load test certificate and inspection of truck-mounted crane operating. | I60: Eskom HV Plant and Contractor Employees | J60: HV Plant Manager | K60: Once in 12 years | L60: Lost Time Injury Medical Incident Property Damage | M60: - The truck-mounted crane and slings are load tested annually and inspected 3 monthly by a competent person and inspected before use. - Truck-mounted crane is operated by trained / competent person when isolator maintenance is done. The Crane and Load is ensure free movement, not tied down before operating. - Tools, equipment and PPE get checked for damages before use. - Employees are medically tested by the Occupational Health Practitiner and fit for work. -Employees ensure that there is no overhead live conductor to prevent electrical induction. - The area gets barricaded where there is lifting activity to prevent unauthorised persons - Emergency preparedness plan is reviewed and discussed before any work commences - Job observation when doing critical task and SMAT (Behavioural) Observations. | N60: 4 | O60: B | P60: III | Q60: F | R60: - Conduct inspections - Ensure supervision. - Enforce current controls | S60: Inspections Audits Supervision | T60: HV Plant Supervisors and Technical Supervisor, Contractor site Supervisor | U60: - Occupational Health and Safety Act, 1993 (Act No. 85 of 1993) - General Safety Regulations, 1986 - General Administrative Regulations, 2003 - Compensation for Occupational Injuries and Diseases Act, Act 130 of 1993 (COID) - Driven Machinery Regulations, 1988- East Grid fall protection plan - 240-62196227 Eskom life saving rules procedure - 240-43848327 Right to Refuse to Work in an unsafe condition procedure - 32-477 Safety Health and Environment Training and Development - 240-44175132 Eskom Personal Protective Equipment - 32-285 Medical surveillance - 32-95 Environmental, Occupational Health and Safety Incident Management Procedure - 32-520 Occupational Health & Safety Risk Assessment Procedure East Grid EP Plan | V60: October 2021 | W60: Complete Done quarteltyRegisters available on site | X60: n/a
A61: Isolator Maintenance | B61: R | C61: 10 | D61: Substandard condition Isolator | E61: 10.1 | F61: AC/DC Volt electrocution on motorised isolators | G61: Safety | H61: - Working in a live yard result in exposure to live parts of the plant , equipment or machinery - Violation of ORHVS - Inadequate or inappropriate training - Working on or near equipment which is thought to be dead - Inadequate risk assessment - Taking shortcuts - Lack of concentration - Inadequate communication - Failure to adhere to standards, procedure and instruction | I61: Eskom HV Plant and Contractor Employees | J61: HV Plant Manager | K61: Once 6 yearly | L61: Electric shock Psychological damage Physical burns Neurological damage Ventricular fibrillation resulting in fatality | M61: - Technicians always ensure that equipment is opened, isolated and safe to work on. - An equipotential safety zone is created for each worker on the job site by earthing, bonding and/or insulating according to approved procedures to avoid contact by charging the equipment being tested. - Authorised person (team leader) has certified and shown all team members that the apparatus is safe to work on. - Pre-task risk assessment to identify all risks and hazards has been conducted and complete workers register prior to any work commencing. - Permit is always issued before commencement of the testing activities. - PPE issued:(encompassing non-slip safety boots, electrical shock-resistant boots, long sleeve and long pants),and restriction on wearing of jewellery, long breem safety hat. - Emergency preparedness plan is reviewed and discussed before any work commences. - Test Equipment.- Use updated drawings. | N61: 5 | O61: C | P61: II | Q61: F | R61: -Ensure that Supervision is in place - Enforce compliance to ORHVS - Ensure that Planned Task Observations are conducted | S61: Inspections Audits Supervision | T61: HV Plant Supervisors and Technical Supervisor, Contractor site Supervisor | U61: - Occupational Health and Safety Act, Act 85 of 1993 (OHS Act) - Compensation for Occupational Injuries and Diseases Act, Act 130 of 1993 (COID) - General Safety Regulations, 1986 - General Administrative Regulations, 2003- TPC 41-203 Topping up procedure - TST 41-42 Circuit breaker maintenance standard - TST41-1114 (outdoor breaker) scope of work and work report - 32-846 Operating Regulations for High Voltage System - 240-43848327 Right to Refuse to Work in an unsafe condition procedure - 32-477 Safety Health and Environment Training and Development - 240-44175132 Eskom Personal Protective Equipment - 32-285 Medical surveillance - 32-95 Environmental, Occupational Health and Safety Incident Management Procedure - 32-520 Occupational Health & Safety Risk Assessment Procedure -East Grid EP Plan | V61: October 2021 | W61: Complete Done quarteltyRegisters available on site | X61: n/a
B62: R | E62: 10.2 | F62: Substandard or defective tools and equipment. | G62: Safety | H62: - Lack of training and knowledge -Inadequate Risk assessment - Inadequate Inspection and maintenance | I62: Eskom HV Plant Employees | J62: HV Plant Manager | K62: Once 6 yearly | L62: Medical Incident First Aid Incident, Lost time Injury. | M62: - Proper work plan is developed to ensure that all required tool and equipments are available when doing circuit breaker maintanance - Employees ensure that risk assessment is done before work commences. - Tools, equipment and PPE i.e. gloves, etc is checked for damage before use. | N62: 4 | O62: C | P62: II | Q62: F | R62: - Conduct inspections - Ensure supervision. - Enforce current controls | S62: Inspections Audits Supervision | T62: HV Plant Supervisors and Technical Supervisor, Contractor site Supervisor | U62: - Occupational Health and Safety Act, 1993 (Act No. 85 of 1993) - General Safety Regulations, 1986 - General Administrative Regulations, 2003- 32-477 Safety Health and Environment Training and Development - 240-44175132 Eskom Personal Protective Equipment - 32-95 Environmental, Occupational Health and Safety Incident Management Procedure | V62: October 2021 | W62: Complete Done quarteltyRegisters available on site | X62: n/a
B63: N | E63: 10.3 | F63: Exposure to thermal stress (excessive cold and heat) depending on the season | G63: Health | H63: - Ultra-violet radiation from the sun - Inclement Weather Conditions (extremely cold / hot conditions) | I63: Eskom HV Plant and Contractor Employees | J63: HV Plant Manager | K63: Once 6 yearly | L63: Heat rashes Heat stroke Heat edema Heat exhaustion Heat syncope Heat cramps Heat cramps Hypothermia | M63: - Drinking lot of fluids to prevent dehydration. do help our employees. - Work-rest Regime:Employees are allways encouraged to take resting period or stop an activity when there are warnings of extreme weather condition. - Employees reduces duration of exposure. If exposure occurs, it occurs over short durations. - Employees are subjected to training and education (induction), which includes heat exposure, cold exposure and PPE including control measures. - Employees are acclimatised on working in these weather condition particular hot environment. - Natural ventilation: work is performed outdoors under adequate natural ventilation conditions. The effectiveness of the ventilation condition is mainly determined by weather conditions. - Mechanical ventilation: air conditioning units are installed in the control room in order to regulate indoor temperatures. - Wearing of correct PPE:safety shoes; hard hats; safety overalls / long pants and warm clothing (jackets). | N63: 3 | O63: B | P63: III | Q63: F | R63: Conduct OH Surveys and implement Corrective Actions | S63: Surveys Inspection Audit | T63: HV Plant Supervisors and Technical Supervisor, Contractor site Supervisor | U63: - Occupational Health and Safety Act, Act 85 of 1993 (OHS Act) - Compensation for Occupational Injuries and Diseases Act, Act 130 of 1993 (COID) - Environmental Regulations for Workplaces, 1987 - General Safety Regulations, 1986 - General Administrative Regulations, 2003- 240 - 75567900 Manual for Internal Quality Assurance Management of the Eskom Occupational Hygiene Approved Inspection Authority - 32-520 Occupational Health & Safety Risk Assessment Procedure - 32-477 Safety Health and Environment Training and Development - 240-44175132 Eskom Personal Protective Equipment - 32-285 Medical surveillance - 32-95 Environmental, Occupational Health and Safety Incident Management Procedure | V63: October 2021 | W63: Complete Done quarteltyRegisters available on site | X63: n/a
B64: R | E64: 10.4 | F64: Rigging using a truck-mounted crane to overhaul the isolator | G64: Safety | H64: - Mechanical failure of truck-mounted crane - Lack of training on the truck-mounted crane operating. - Lack of load test certificate and inspection of truck-mounted crane operating. | I64: Eskom HV Plant and Contractor Employees | J64: HV Plant Manager | K64: Once 6 yearly | L64: Lost Time Injury Medical Incident Property Damage | M64: - The truck-mounted crane and slings are load tested annually and inspected 3 monthly by a competent person and inspected before use. - Truck-mounted crane get operated by trained / competent person and isolator maintenance to be done. Ensure that Skyjack, Aerial bucket (Cherrypicker), Man lift or any similar device is not tied down and is free to move before operating commences. - Tools, equipment and PPE are checked for damage before use. - Employees are medically tested by the Occupational Health Practitioner and fit for work. - Employees ensure that there is no overhead live conductor to prevent electrical induction. - Employees ensure that the area is barricaded where there is lifting activity to prevent unauthorised persons - Emergency preparedness plan is reviewed and discussed before any work commences - Job observation when doing critical task and SMAT (Behavioural) Observations.mmm | N64: 4 | O64: B | P64: III | Q64: F | R64: - Conduct inspections - Ensure supervision. - Enforce current controls | S64: Inspections Audits Supervision | T64: HV Plant Supervisors and Technical Supervisor, Contractor site Supervisor | U64: - Occupational Health and Safety Act, 1993 (Act No. 85 of 1993) - General Safety Regulations, 1986 - General Administrative Regulations, 2003 - Compensation for Occupational Injuries and Diseases Act, Act 130 of 1993 (COID) - Driven Machinery Regulations, 1988East Grid fall protection plan - 240-62196227 Eskom life saving rules procedure - 240-43848327 Right to Refuse to Work in an unsafe condition procedure - 32-477 Safety Health and Environment Training and Development - 240-44175132 Eskom Personal Protective Equipment - 32-285 Medical surveillance - 32-95 Environmental, Occupational Health and Safety Incident Management Procedure East Grid EP Plan | V64: October 2021 | W64: Complete Done quarteltyRegisters available on site | X64: n/a
A65: Earth Switch Maintenance | B65: R | C65: 11 | D65: Substandard Condition Earth Switch | E65: 11.1 | F65: Electrocution | G65: Safety | H65: - Working in a live yard result in exposure to live parts of the plant , equipment or machinery - Violation of ORHVS - Inadequate or inappropriate training - Working on or near equipment which is thought to be dead - Inadequate risk assessment - Taking shortcuts - Lack of concentration - Inadequate communication - Failure to adhere to standards, procedure and instruction | I65: Eskom HV Plant and Contractor Employees | J65: HV Plant Manager | K65: Once 6 yearly | L65: Electric shock Psychological damage Physical burns Neurological damage Ventricular fibrillation resulting in fatality | M65: - Technicians always ensure that equipment is opened, isolated and safe to work on. - An equipotential safety zone is created for each worker on the job site by earthing, bonding and/or insulating according to approved procedures to avoid contact by charging the equipment being tested. - Authorised person (team leader) has certified and shown all team members that the apparatus is safe to work on. - Pre-task risk assessment to identify all risks and hazards has been conducted and complete workers register prior to any work commencing. - Permit is always issued before commencement of the testing activities. - PPE issued:(encompassing non-slip safety boots, electrical shock-resistant boots, long sleeve and long pants),and restriction on wearing of jewellery, long breem safety hat. - Emergency preparedness plan is reviewed and discussed before any work commences. - Test Equipment.- Use updated drawings. | N65: 4 | O65: B | P65: III | Q65: F | R65: -Ensure that Supervision is in place - Enforce compliance to ORHVS - Ensure that Planned Task Observations are conducted | S65: Inspections Audits Supervision | T65: HV Plant Supervisors and Technical Supervisor, Contractor site Supervisor | U65: =V20 - General Safety Regulations, 1986 - General Administrative Regulations, 2003- TPC 41-203 Topping up procedure - TST 41-42 Circuit breaker maintenance standard - TST41-1114 (outdoor breaker) scope of work and work report - 32-846 Operating Regulations for High Voltage System - 240-43848327 Right to Refuse to Work in an unsafe condition procedure - 32-477 Safety Health and Environment Training and Development - 240-44175132 Eskom Personal Protective Equipment - 32-285 Medical surveillance - 32-95 Environmental, Occupational Health and Safety Incident Management Procedure - Procedure -East Grid EP Plan | V65: October 2021 | W65: Complete Done quarteltyRegisters available on site | X65: n/a
B66: R | E66: 11.2 | F66: Slip, trip and fall same level due to uneven surface | G66: Safety | H66: - Uneven surfaces - Failure to identify the risk - Lack of concentration - Open trench covers | I66: Eskom HV Plant and Contractor Employees | J66: HV Plant Manager | K66: Once 6 yearly | L66: Lost Time Injury Medical Incident First Aid Incident | M66: - Personal protective equipment (e.g. slip-resistant footwear) are provided. - The risk assessment is always done before work commences. - Inspection of work areas on a regular basis as per the procedure and implement control measures is also executed. - Employees are trained on slip, trips and fall risks and control measures. | N66: 4 | O66: B | P66: III | Q66: F | R66: - Conduct inspections - Ensure supervision. - Enforce current controls | S66: Inspections Audits Supervision | T66: HV Plant Supervisors and Technical Supervisor, Contractor site Supervisor | U66: - Occupational Health and Safety Act, 1993 (Act No. 85 of 1993) - General Safety Regulations, 1986 - General Administrative Regulations, 2003- 32-477 Safety Health and Environment Training and Development - 240-44175132 Eskom Personal Protective Equipment - 32-95 Environmental, Occupational Health and Safety Incident Management Procedure 32-520 Occupational Health & Safety Risk Assessment | V66: October 2021 | W66: Complete Done quarteltyRegisters available on site | X66: n/a
B67: R | E67: 11.3 | F67: Exposure to electric contact due to grease when cleaning contacts | G67: Safety | H67: - Incorrect or dirty chemical used for cleaning contacts - In effective PPE | I67: Eskom HV Plant and Contractor Employees | J67: HV Plant Manager | K67: Once 6 yearly | L67: Static electrical contact | M67: Pre-task risk assessment to identify all risks and hazards get conducted and complete workers register prior to any work commencing. - The permits are issued before commencement of the testing activities. - PPE issued:(encompassing non-slip safety boots, electrical shock-resistant boots, long sleeve and long pants),and restriction on wearing of jewellery, long brim safety hat. | N67: 4 | O67: C | P67: II | Q67: F | R67: -Ensure that Supervision is in place - Enforce compliance to ORHVS - Ensure that Planned Task Observations are conducted | S67: Inspections Audits Supervision | T67: HV Plant Supervisors and Technical Supervisor, Contractor site Supervisor | U67: - Occupational Health and Safety Act, 1993 (Act No. 85 of 1993) - General Safety Regulations, 1986 - General Administrative Regulations, 2003- 32-477 Safety Health and Environment Training and Development - 240-44175132 Eskom Personal Protective Equipment - 32-95 Environmental, Occupational Health and Safety Incident Management Procedure 32-520 Occupational Health & Safety Risk Assessment | V67: October 2021 | W67: Complete Done quarteltyRegisters available on site | X67: n/a
B68: R | E68: 11.4 | F68: Fall from heights when using ladder | G68: Safety | H68: - Defective equipment - Collapsing of ladder - Falling objects - Use of incorrect equipment - Inappropriate use of access equipment (Overreaching, stretching etc) - Uneven floor causing instability which could result in losing footing and fall from ladders | I68: Eskom HV Plant and Contractor Employees | J68: HV Plant Manager | K68: Once 6 yearly | L68: Lost Time Injury Medical Incident First Aid Incident | M68: - The use of ladder for light work of short duration is arranged. - All access equipment suitable for purpose checked before use and maintained in good condition. - Frequent documented checks on ladder are ensured safe working condition - Reporting procedure in place for identified defective items with prompt removal /remedial action - User trained in use of ladders for minor inspection / maintenance tasks. - Access equipment restricted to those trained and competent in use. - Maximum working height not exceeded. - Ensure correct angle of ladder - Secure ladder - No lone working when using ladders is practiced - Staff do re-position ladder rather than overstretch. - Floor surfaces are suitable to use (firm and even surface) - Persons using access equipment to wear appropriate footwear - Laddres are securely stored when not in use to avoid unauthorised use. - Consideration given to environmental conditions prior to starting work. No work is undertaken in adverse weather conditions (wind, rain, snow etc.) - Ensure rungs are clear of slippery substances, ice, mud etc. - Emergency preparedness plan is reviewed and discussed before any work commences | N68: 4 | O68: C | P68: II | Q68: F | R68: 1.Ensure that employees are trained on Working at Height 2.Medical and Psychological fitness. - Ensure that there is supervision to enforce current controls | S68: Inspections Audits Supervision | T68: HV Plant Supervisors and Technical Supervisor, Contractor site Supervisor | U68: - Occupational Health and Safety Act, 1993 (Act No. 85 of 1993) - General Safety Regulations, 1986 - General Administrative Regulations, 2003 - Compensation for Occupational Injuries and Diseases Act, Act 130 of 1993 (COID) East Grid fall protection plan - 240-62196227 Eskom life saving rules procedure - 240-43848327 Right to Refuse to Work in an unsafe condition procedure - 32-477 Safety Health and Environment Training and Development - 240-44175132 Eskom Personal Protective Equipment - 32-285 Medical surveillance - 32-95 Environmental, Occupational Health and Safety Incident Management Procedure -East Grid EP Plan | V68: October 2021 | W68: Complete Done quarteltyRegisters available on site | X68: n/a
B69: N | E69: 11.5 | F69: Exposure to thermal stress (excessive cold and heat) depending on the season | G69: Health | H69: - Ultra-violet radiation from the sun - Inclement Weather Conditions (extremely cold / hot conditions) | I69: Eskom HV Plant and Contractor Employees | J69: HV Plant Manager | K69: Once 6 yearly | L69: Heat rashes Heat stroke Heat edema Heat exhaustion Heat syncope Heat cramps Heat cramps Hypothermia | M69: - Drinking lot of fluids to prevent dehydration. do help our employees. - Work-rest Regime:Employees are allways encouraged to take resting period or stop an activity when there are warnings of extreme weather condition. - Employees reduces duration of exposure. If exposure occurs, it occurs over short durations. - Employees are subjected to training and education (induction), which includes heat exposure, cold exposure and PPE including control measures. - Employees are acclimatised on working in these weather condition particular hot environment. - Natural ventilation: work is performed outdoors under adequate natural ventilation conditions. The effectiveness of the ventilation condition is mainly determined by weather conditions. - Mechanical ventilation: air conditioning units are installed in the control room in order to regulate indoor temperatures. - Wearing of correct PPE:safety shoes; hard hats; safety overalls / long pants and warm clothing (jackets). | N69: 3 | O69: B | P69: III | Q69: F | R69: Conduct OH Surveys and implement Corrective Actions | S69: Surveys Inspection Audit | T69: HV Plant Supervisors and Technical Supervisor, Contractor site Supervisor | U69: - Occupational Health and Safety Act, Act 85 of 1993 (OHS Act) - Compensation for Occupational Injuries and Diseases Act, Act 130 of 1993 (COID) - Environmental Regulations for Workplaces, 1987 - General Safety Regulations, 1986 - General Administrative Regulations, 2003- 240 - 75567900 Manual for Internal Quality Assurance Management of the Eskom Occupational Hygiene Approved Inspection Authority - 32-520 Occupational Health & Safety Risk Assessment Procedure - 32-477 Safety Health and Environment Training and Development - 240-44175132 Eskom Personal Protective Equipment - 32-285 Medical surveillance - 32-95 Environmental, Occupational Health and Safety Incident Management Procedure | V69: October 2021 | W69: Complete Done quarteltyRegisters available on site | X69: n/a
A70: Transformer and Reactor Maintenance | B70: R | C70: 12 | D70: Substandard condition Transformer, Reactor, Auxillary, NEC and NER | E70: 12.1 | F70: Fall from working at heights using a ladder | G70: Safety | H70: - Defective equipment - Collapsing of ladder - Falling objects - Use of incorrect equipment - Inappropriate use of access equipment (Overreaching, stretching etc) - Uneven floor causing instability which could result in losing footing and fall from ladders | I70: Eskom HV Plant and Contractor Employees | J70: HV Plant Manager | K70: Once in 3 yearly | L70: Lost Time Injury Medical Incident First Aid Incident | M70: - The use of ladder for light work of short duration is arranged. - All access equipment suitable for purpose checked before use and maintained in good condition. - Frequent documented checks on ladder are ensured safe working condition - Reporting procedure in place for identified defective items with prompt removal /remedial action - User trained in use of ladders for minor inspection / maintenance tasks. - Access equipment restricted to those trained and competent in use. - Maximum working height not exceeded. - Ensure correct angle of ladder - Secure ladder - No lone working when using ladders is practiced - Staff do re-position ladder rather than overstretch. - Floor surfaces are suitable to use (firm and even surface) - Persons using access equipment to wear appropriate footwear - Laddres are securely stored when not in use to avoid unauthorised use. - Consideration given to environmental conditions prior to starting work. No work is undertaken in adverse weather conditions (wind, rain, snow etc.) - Ensure rungs are clear of slippery substances, ice, mud etc. - Emergency preparedness plan is reviewed and discussed before any work commences | N70: 4 | O70: C | P70: II | Q70: F | R70: 1.Ensure that employees are trained on Working at Height 2.Medical and Psychological fitness. - Ensure that there is supervision to enforce current controls | S70: Inspections Audits Supervision | T70: HV Plant Supervisors and Technical Supervisor, Contractor site Supervisor | U70: - Occupational Health and Safety Act, 1993 (Act No. 85 of 1993) - General Safety Regulations, 1986 - General Administrative Regulations, 2003 - Compensation for Occupational Injuries and Diseases Act, Act 130 of 1993 (COID) - East Grid fall protection plan - 240-62196227 Eskom life saving rules procedure - 240-43848327 Right to Refuse to Work in an unsafe condition procedure - 32-477 Safety Health and Environment Training and Development R92 - 240-44175132 Eskom Personal Protective Equipment - 32-285 Medical surveillance - 32-95 Environmental, Occupational Health and Safety Incident Management Procedure EP Plan | V70: October 2021 | W70: Complete Done quarteltyRegisters available on site | X70: n/a
B71: R | E71: 12.2 | F71: Slips, trips and fall due to uneven surfaces | G71: Safety | H71: - Uneven surfaces - Failure to identify the risk - Lack of concentration - Open trench covers | I71: Eskom HV Plant and Contractor Employees | J71: HV Plant Manager | K71: Once in 3 yearly | L71: Lost Time Injury Medical Incident First Aid Incident | M71: - Personal protective equipment (e.g. slip-resistant footwear) are provided. - The risk assessment is always done before work commences. - Inspection of work areas on a regular basis as per the procedure and implement control measures is also executed. - Employees are trained on slip, trips and fall risks and control measures. | N71: 4 | O71: C | P71: II | Q71: F | R71: - Conduct inspections - Ensure supervision. - Enforce current controls | S71: Inspections Audits Supervision | T71: HV Plant Supervisors and Technical Supervisor, Contractor site Supervisor | U71: - Occupational Health and Safety Act, 1993 (Act No. 85 of 1993) - General Safety Regulations, 1986 - General Administrative Regulations, 2003- 32-477 Safety Health and Environment Training and Development - 240-44175132 Eskom Personal Protective Equipment - 32-95 Environmental, Occupational Health and Safety Incident Management Procedure | V71: October 2021 | W71: Complete Done quarteltyRegisters available on site | X71: n/a
B72: R | E72: 12.3 | F72: Poor illumination when working inside the transformer. | G72: Health | H72: - No sufficient illumination inside the transformer | I72: Eskom HV Plant and Contractor Employees | J72: HV Plant Manager | K72: Once in 3 yearly | L72: Eyestrain Fatigue Double-vision | M72: - Employees are trained on the risk and hazards associated with work inside the transformer - Sufficient flame proof lighting when working inside the transformer are provided. - Employees are provided with required PPE as per the risk assessment - Risk assessment is conducted before work commences and implement the control measures - Emergency preparedness plan is reviewed and discussed before any work commencesmmm | N72: 3 | O72: B | P72: III | Q72: F | R72: Conduct OH Surveys and implement Corrective Actions. -Conduct inspections and implement corrective actions | S72: Surveys Inspection Audit | T72: HV Plant Supervisors and Technical Supervisor, Contractor site Supervisor | U72: - Occupational Health and Safety Act, Act 85 of 1993 (OHS Act) - Compensation for Occupational Injuries and Diseases Act, Act 130 of 1993 (COID) - General Safety Regulations, 1986 - General Administrative Regulations, 2003 - Facilities Regulations, 1990 - 240 - 75567900 Manual for Internal Quality Assurance Management of the Eskom Occupational Hygiene Approved Inspection Authority - 32-520 Occupational Health & Safety Risk Assessment Procedure - 32-477 Safety Health and Environment Training and Development - 32-285 Medical surveillance - 32-95 Environmental, Occupational Health and Safety Incident Management Procedure -East Grid EP Plan | V72: October 2021 | W72: Complete Done quarteltyRegisters available on site | X72: n/a
A73: Working inside transformers, or otherwise confined spaces. | B73: No | C73: 13 | D73: Working in enclosed areas/confined spaces/excavations Lack of oxygen, being overcome by fumes/gases/irritants, fear of confined spaces. | E73: 13.1 | F73: Asphyxiation, death - Injuries - Side collapse | G73: Health | H73: - Lack of training and knowledge - Ineffective PPE - Inadequate Risk assessment - Failure to adhere to standards, procedure and instruction | I73: Linesmen, Contractor, EA, | J73: - Contractor to employees - Subcontractor to employees - Where not feasible to take action, inform Ekom Project Manager/ Plant Manager | K73: Erratic; very infrequent, severely discouraged. | L73: Adverse Health/Hygiene/Physical effect | M73: No person is allowed to work in a confined space as per definition in the GSR 5 (1) of the OHSAct unless all precautions as per the regulation has been taken and the necessary permit has been issued by the client. | N73: 4 | O73: C | P73: II | Q73: P | R73: No person will be allowed to work in a confined space as per definition in the GSR 5 (1) of the OHSAct unless all precautions as per the regulation has been taken and the necessary permit has been issued by the client. See also Rotek documentation on Confined Spaces | S73: No person will be allowed to work in a confined space as per definition in the GSR 5 (1) of the OHSAct unless all precautions as per the regulation has been taken and the necessary permit has been issued by the client. | T73: HV Plant Supervisors and Technical Supervisor, Contractor site Supervisor | U73: • Occupational Health and Safety Act, 1993 (Act No. 85 of 1993) • General Safety Regulations, 1986 -Construction regulations | V73: October 2021 | W73: Complete Done quarteltyRegisters available on site | X73: n/a
B74: R | E74: 13.2 | F74: Exposure to inhalation of gases and fumes Internal inspection of the transformer | G74: Health | H74: - Lack of training and knowledge - Ineffective PPE - Inadequate Risk assessment - Failure to adhere to standards, procedure and instruction | I74: Eskom HV Plant and Contractor Employees | J74: HV Plant Manager | K74: Once in 3 yearly | L74: Breathing difficulty Throat pain Abdominal pain Dizziness Severe headaches Extreme fatigue Body weakness Irritation or burns on skin | M74: - Risk assessment is conducted before any work is done when working inside the transformer - Employees do wear all required PPE as identified on the risk assessment i.e. one unit overall, gum boots, respirator, etc - Inspection covers are opened for about 10-15 min to ensure the release the build-up gas in the transformer. - Measurements are taken to detect the level of gases in the transformer - When electrical equipment are used to ensure that they are earthed with the portable Earth leakage unit. - No lone work when working in the transformer for emergency purposes is permited. - Flame proof flashlight is used for lighting. | N74: 4 | O74: C | P74: II | Q74: F | R74: 1. Enforce current controls 2. Present HCS awarenes training. 3. Conduct SMAT and PTO | S74: Inspections Audits Supervision Surveys | T74: HV Plant Supervisors and Technical Supervisor, Contractor site Supervisor | U74: - Occupational Health and Safety Act (Act No. 85 of 1993) - Regualtion for Hazardous Chemical Substance (1995) - Environmental Regulations for Workplaces (1987) - General Safety Regulations, 1986 - General Administrative Regulations, 2003- 240-43848327 Right to Refuse to Work in an unsafe condition procedure - 32-477 Safety Health and Environment Training and Development - 32-520 Occupational Health & Safety Risk Assessment Procedure - 240-75567900 Manual for Internal QualityAssurance Management of the Eskom Occupational Hygiene Approved Inspection Authority - 240-44175132 Eskom Personal Protective Equipment - 32-285 Medical surveillance - 32-95 Environmental, Occupational Health and Safety Incident Management Procedure | V74: October 2021 | W74: Complete Done quarteltyRegisters available on site | X74: n/a
B75: N | E75: 13.3 | F75: Ergonomics | G75: Health | H75: - Work posture due to prolonged crouching position - Awkward body postures | I75: Eskom HV Plant and Contractor Employees | J75: HV Plant Manager | K75: Daily | L75: Work related Musculo-skeletal disorder: Overuse or overexertion injuries, osteo-arthritis, degenerative joint disease, and repetitive strain injuries | M75: - Plant ergonomics program are developed and implemented. - Occupational hygiene surveys are conducted as per the OHS Act requirments. | N75: 3 | O75: C | P75: II | Q75: F | R75: Conduct OH Surveys and implement Corrective Actions | S75: Surveys Inspection Audit | T75: HV Plant Supervisors and Technical Supervisor, Contractor site Supervisor | U75: - Occupational Health and Safety Act, Act 85 of 1993 (OHS Act) - Compensation for Occupational Injuries and Diseases Act, Act 130 of 1993 (COID) - Environmental Regulations for Workplaces, 1987 - General Safety Regulations, 1986 - General Administrative Regulations, 2003 - Facilities Regulations, 1990 - 240 - 75567900 Manual for Internal Quality Assurance Management of the Eskom Occupational Hygiene Approved Inspection Authority - 32-520 Occupational Health & Safety Risk Assessment Procedure - 32-477 Safety Health and Environment Training and Development - 240-44175132 Eskom Personal Protective Equipment - 32-285 Medical surveillance - 32-95 Environmental, Occupational Health and Safety Incident Management Procedure | V75: October 2021 | W75: Complete Done quarteltyRegisters available on site | X75: n/a
B76: N | E76: 13.4 | F76: Exposure to thermal stress (excessive cold and heat) depending on the season. | G76: Health | H76: - Ultra-violet radiation from the sun - Inclement Weather Conditions (extremely cold / hot conditions) | I76: Eskom HV Plant and Contractor Employees | J76: HV Plant Manager | K76: Once in 3 yearly | L76: Heat rashes Heat stroke Heat edema Heat exhaustion Heat syncope Heat cramps Heat cramps Hypothermia | M76: - Drinking lot of fluids to prevent dehydration. do help our employees. - Work-rest Regime:Employees are allways encouraged to take resting period or stop an activity when there are warnings of extreme weather condition. - Employees reduces duration of exposure. If exposure occurs, it occurs over short durations. - Employees are subjected to training and education (induction), which includes heat exposure, cold exposure and PPE including control measures. - Employees are acclimatised on working in these weather condition particular hot environment. - Natural ventilation: work is performed outdoors under adequate natural ventilation conditions. The effectiveness of the ventilation condition is mainly determined by weather conditions. - Mechanical ventilation: air conditioning units are installed in the control room in order to regulate indoor temperatures. - Wearing of correct PPE:safety shoes; hard hats; safety overalls / long pants and warm clothing (jackets).'Lines & Servitudes' | N76: 4 | O76: B | P76: III | Q76: F | R76: Conduct OH Surveys and implement Corrective Actions. | S76: Surveys Inspection Audit | T76: HV Plant Supervisors and Technical Supervisor, Contractor site Supervisor | U76: - Occupational Health and Safety Act, Act 85 of 1993 (OHS Act) - Compensation for Occupational Injuries and Diseases Act, Act 130 of 1993 (COID) - Environmental Regulations for Workplaces, 1987 - General Safety Regulations, 1986 - General Administrative Regulations, 2003- 240 - 75567900 Manual for Internal Quality Assurance Management of the Eskom Occupational Hygiene Approved Inspection Authority - 32-520 Occupational Health & Safety Risk Assessment Procedure - 32-477 Safety Health and Environment Training and Development - 240-44175132 Eskom Personal Protective Equipment - 32-285 Medical surveillance - 32-95 Environmental, Occupational Health and Safety Incident Management Procedure | V76: October 2021 | W76: Complete Done quarteltyRegisters available on site | X76: n/a
B77: R | E77: 13.5 | F77: Exposure to fine silica gel | G77: Health | H77: Skin Contact with silica gel | I77: Eskom HV Plant and Contractor Employees | J77: HV Plant Manager | K77: Once in 3 yearly | L77: Breathing difficulty Throat pain Abdominal pain Dizziness Severe headaches Extreme fatigue Body weakness Irritation or burns on skin | M77: - The MSDS is available and employees are trained on MSDS and control measures in case of contact incident - Risk assessment is done before work commences. - Tools, equipment and PPE i.e. gloves, etc is checked for damage before use. | N77: 3 | O77: B | P77: III | Q77: F | R77: 1. Enforce current controls 2. Present HCS awarenes training. 3. Conduct SMAT and PTO | T77: HV Plant Supervisors and Technical Supervisor, Contractor site Supervisor | U77: - Environmental Regulations for Workplaces, 1987 - General Safety Regulations, 1986 - General Administrative Regulations, 2003- 240 - 75567900 Manual for Internal Quality Assurance Management of the Eskom Occupational Hygiene Approved Inspection Authority - 32-520 Occupational Health & Safety Risk Assessment Procedure - 32-477 Safety Health and Environment Training and Development - 240-44175132 Eskom Personal Protective Equipment - 32-285 Medical surveillance - 32-95 Environmental, Occupational Health and Safety Incident Management Procedure | V77: October 2021 | W77: Complete Done quarteltyRegisters available on site | X77: n/a
B78: R | E78: 13.6 | F78: Exposure to degreaser when cleaning the transformer | G78: Health | H78: Skin Contact with grease | I78: Eskom HV Plant and Contractor Employees | J78: HV Plant Manager | K78: Once in 3 yearly | L78: Dermatisis (Inflammation) | M78: Pre-task risk assessment to identify all risks and hazards has been conducted and complete workers register prior to any work commencing. - Ensure that the permit is issued before commencement of the testing activities. - PPE issued:(encompassing non-slip safety boots, electrical shock-resistant boots, long sleeve and long pants),and restriction on wearing of jewellery, long brim safety hat. | N78: 3 | O78: B | P78: III | Q78: F | R78: 1. Enforce current controls 2. Present HCS awarenes training. 3. Conduct SMAT and PTO | T78: HV Plant Supervisors and Technical Supervisor, Contractor site Supervisor | U78: - Occupational Health and Safety Act, Act 85 of 1993 (OHS Act) - Compensation for Occupational Injuries and Diseases Act, Act 130 of 1993 (COID) - Environmental Regulations for Workplaces, 1987 - General Safety Regulations, 1986 - General Administrative Regulations, 2003- 240 - 75567900 Manual for Internal Quality Assurance Management of the Eskom Occupational Hygiene Approved Inspection Authority - 32-520 Occupational Health & Safety Risk Assessment Procedure - 32-477 Safety Health and Environment Training and Development - 240-44175132 Eskom Personal Protective Equipment - 32-285 Medical surveillance - 32-95 Environmental, Occupational Health and Safety Incident Management Procedure | V78: October 2021 | W78: Complete Done quarteltyRegisters available on site | X78: n/a
B79: R | E79: 13.7 | F79: Contact with oil when doing oil sampling | G79: Health | H79: - Accidental leakage of oil | I79: Eskom HV Plant and Contractor Employees | J79: HV Plant Manager | K79: Once in 6 months | L79: Eye, nosea and throat irritation Dermatitis (Inflammation) | M79: - We ensure that all equipment leaking oil are repaired - We also ensure that MSDS for the oil is available and employees are trained on MSDS and control measures in case of contact incident - The risk assessment is done before work commences. - Tools, equipment and PPE i.e. gloves, etc is checked for damage before use. | N79: 3 | O79: B | P79: III | Q79: F | R79: 1. Enforce current controls 2. Present HCS awarenes training. 3. Conduct SMAT and PTO | S79: Inspections Audits Supervision | T79: HV Plant Supervisors and Technical Supervisor, Contractor site Supervisor | U79: - Occupational Health and Safety Act, 1993 (Act No. 85 of 1993) - Regualtion for Hazardous Chemical Substance (1995) - General Safety Regulations, 1986 - General Administrative Regulations, 2003- 32-477 Safety Health and Environment Training and Development - 240-44175132 Eskom Personal Protective Equipment - 32-285 Medical surveillance - 32-95 Environmental, Occupational Health and Safety Incident Management Procedure | V79: October 2021 | W79: Complete Done quarteltyRegisters available on site | X79: n/a
B80: R | E80: 13.8 | F80: Working at heights using a cherry-picker or man bucket | G80: Safety | H80: - Ineffective PPE - Lack of concentration - Inadequate Risk assessment - Inadequate communication - Failure to adhere to standards, procedure and instruction - Lack of training on operating the man-lift | I80: Eskom HV Plant and Contractor Employees | J80: HV Plant Manager | K80: Once in 25 years | L80: Fatalities Lost Time Injury Medical Incident | M80: - The truck-mounted crane and slings are load tested annually and inspected 3 monthly by a competent person and inspected before use. - Truck-mounted crane get operated by trained / competent person and isolator maintenance to be done. Ensure that Skyjack, Aerial bucket (Cherrypicker), Man lift or any similar device is not tied down and is free to move before operating commences. - Tools, equipment and PPE are checked for damage before use. - Employees are medically tested by the Occupational Health Practitioner and fit for work. - Employees ensure that there is no overhead live conductor to prevent electrical induction. - Employees ensure that the area is barricaded where there is lifting activity to prevent unauthorised persons - Emergency preparedness plan is reviewed and discussed before any work commences - Job observation when doing critical task and SMAT (Behavioural) Observations.mmm | N80: 5 | O80: C | P80: II | Q80: F | R80: 1.Ensure that employees are trained on Working at Height 2.Medical and Psychological fitness. - Ensure that there is supervision to enforce current controls | S80: Inspections Audits Supervision | T80: HV Plant Supervisors and Technical Supervisor, Contractor site Supervisor | U80: - Occupational Health and Safety Act, 1993 (Act No. 85 of 1993) - General Safety Regulations, 1986 - General Administrative Regulations, 2003 - Driven Machinery Regulations, 1988 East Grid fall protection plan - 240-62196227 Eskom life saving rules procedure - 240-43848327 Right to Refuse to Work in an unsafe condition procedure - 32-477 Safety Health and Environment Training and Development - 240-44175132 Eskom Personal Protective Equipment - 32-285 Medical surveillance - 32-95 Environmental, Occupational Health and Safety Incident Management Procedure East Grid EP Plan | V80: October 2021 | W80: Complete Done quarteltyRegisters available on site | X80: n/a
B81: R | E81: 13.9 | F81: Electrocution when doing electrical tests | G81: Safety | H81: - Lack of training and knowledge - Ineffective PPE - Lack of concentration - Inadequate Risk assessment - Inadequate communication - Failure to adhere to standards, procedure and instruction | I81: Eskom HV Plant and Contractor Employees | J81: HV Plant Manager | K81: Once in 2/6 yearly | L81: Fatalities Lost Time Injury Medical Incident | M81: - Technicians always ensure that equipment is opened, isolated and safe to work on. - An equipotential safety zone is created for each worker on the job site by earthing, bonding and/or insulating according to approved procedures to avoid contact by charging the equipment being tested. - Authorised person (team leader) has certified and shown all team members that the apparatus is safe to work on. - Pre-task risk assessment to identify all risks and hazards has been conducted and complete workers register prior to any work commencing. - Permit is always issued before commencement of the testing activities. - PPE issued:(encompassing non-slip safety boots, electrical shock-resistant boots, long sleeve and long pants),and restriction on wearing of jewellery, long breem safety hat. - Emergency preparedness plan is reviewed and discussed before any work commences. - Test Equipment.- Use updated drawings. | N81: 5 | O81: D | P81: I | Q81: P | R81: -Ensure that Supervision is in place - Enforce compliance to ORHVS - Ensure that Planned Task Observations are conducted | S81: Site audits, Contractor Pre- and Post- audits, H&S Rep Inspections, Statutory meetings | T81: HV Plant Supervisors and Technical Supervisor, Contractor site Supervisor | U81: - Occupational Health and Safety Act, 1993 (Act No. 85 of 1993) - General Safety Regulations, 1986 - General Administrative Regulations, 2003 - Driven Machinery Regulations, 1988 East Grid fall protection plan - 240-62196227 Eskom life saving rules procedure - 240-43848327 Right to Refuse to Work in an unsafe condition procedure - 32-477 Safety Health and Environment Training and Development - 240-44175132 Eskom Personal Protective Equipment - 32-285 Medical surveillance - 32-95 Environmental, Occupational Health and Safety Incident Management Procedure -East Grid EP Plan | V81: October 2021 | W81: Complete Done quarteltyRegisters available on site | X81: n/a
B82: R | C82: 14 | D82: Substandard Condition Transformer - Bushing | E82: 14.1 | F82: Working at heights using a cherry-picker or man bucket | G82: Safety | H82: - Ineffective PPE - Lack of concentration - Inadequate Risk assessment - Inadequate communication - Failure to adhere to standards, procedure and instruction - Lack of training on operating the man-lift | I82: Eskom HV Plant and Contractor Employees | J82: HV Plant Manager | K82: Once in 2/6 yearly | L82: Fatalities Lost Time Injury Medical Incident | M82: - The truck-mounted crane and slings are load tested annually and inspected 3 monthly by a competent person and inspected before use. - Truck-mounted crane get operated by trained / competent person and isolator maintenance to be done. Ensure that Skyjack, Aerial bucket (Cherrypicker), Man lift or any similar device is not tied down and is free to move before operating commences. - Tools, equipment and PPE are checked for damage before use. - Employees are medically tested by the Occupational Health Practitioner and fit for work. - Employees ensure that there is no overhead live conductor to prevent electrical induction. - Employees ensure that the area is barricaded where there is lifting activity to prevent unauthorised persons - Emergency preparedness plan is reviewed and discussed before any work commences - Job observation when doing critical task and SMAT (Behavioural) Observations.mmm | N82: 5 | O82: C | P82: II | Q82: F | R82: 1.Ensure that employees are trained on Working at Height 2.Medical and Psychological fitness. - Ensure that there is supervision to enforce current controls | S82: Inspections Audits Supervision | T82: HV Plant Supervisors and Technical Supervisor, Contractor site Supervisor | U82: - Occupational Health and Safety Act, 1993 (Act No. 85 of 1993) - General Safety Regulations, 1986 - General Administrative Regulations, 2003 - Driven Machinery Regulations, 1988 East Grid fall protection plan - 240-62196227 Eskom life saving rules procedure - 240-43848327 Right to Refuse to Work in an unsafe condition procedure - 32-477 Safety Health and Environment Training and Development - 240-44175132 Eskom Personal Protective Equipment - 32-285 Medical surveillance - 32-95 Environmental, Occupational Health and Safety Incident Management Procedure -East Grid EP Plan | V82: October 2021 | W82: Complete Done quarteltyRegisters available on site | X82: n/a
B83: R | E83: 14.2 | F83: Electrical contact when doing tan delta test | G83: Safety | H83: - Lack of training and knowledge - Ineffective PPE - Lack of concentration - Inadequate Risk assessment - Inadequate communication - Failure to adhere to standards, procedure and instruction | I83: Eskom HV Plant and Contractor Employees | J83: HV Plant Manager | K83: Once in 2/6 yearly | L83: Fatalities Lost Time Injury Medical Incident | M83: • The requirements of the ORHVS Regulation i.e. ORHVS training and authorisation, access management, conduct pre-task risk assessment, complete workers register, work permit in place and, barricading the work environment is implemented. • Emergency preparedness plan is reviewed and discussed before any work commences • Our staff carrying out maintenance tasks is trained, competent and authorized to perform maintenance on the specific equipment; • Our staff do ensure that instructions are implemented and adhered to and equipment is maintained in accordance to relevant work instructions. • Our staff do ensure that all terminals and the case are isolated and earthed before touching according to the specified requirements. • Capacitor cans containing toxic or harmful substances are disposed of in a special waste material bins to avoid environmental pollution and an approved service provider shall perform the function. | N83: 5 | O83: C | P83: II | Q83: P | R83: All portable electrical power tools will be clearly identified and registered on the prescribed checklist and inspected according to the prescribed intervals. All users of these tools must be made aware of their hazards and safe work procedure. New tools must be checked for any special new operational measures, which differ from the existing ones in use. Employees must be trained in the use of this type of new equipment to avoid incompetent usage. Defective tools must be repaired immediately or scrapped. Only a qualified electrician may work on or repair electrical equipment. personnel to use gloves and saftey glasses. | S83: Site audits, Contractor Pre- and Post- audits, H&S Rep Inspections, Statutory meetings | T83: HV Plant Supervisors and Technical Supervisor, Contractor site Supervisor | U83: - Occupational Health and Safety Act, 1993 (Act No. 85 of 1993) - General Safety Regulations, 1986 - General Administrative Regulations, 2003 - Driven Machinery Regulations, 1988 X92 | V83: October 2021 | W83: Complete Done quarteltyRegisters available on site | X83: n/a
A84: Tap-Changer Maintenance | B84: R | C84: 15 | D84: Substandard Tap-Changer | E84: 15.1 | F84: Exposure to adverse weather condition | G84: Health | H84: - Ultra-violet radiation from the sun - Inclement Weather Conditions (extremely cold / hot conditions) | I84: Eskom HV Plant and Contractor Employees | J84: HV Plant Manager | K84: Once in 3 yearly | L84: Heat rashes Heat stroke Heat edema Heat exhaustion Heat syncope Heat cramps Heat cramps Hypothermia | M84: - Drinking lot of fluids to prevent dehydration. do help our employees. - Work-rest Regime:Employees are allways encouraged to take resting period or stop an activity when there are warnings of extreme weather condition. - Employees reduces duration of exposure. If exposure occurs, it occurs over short durations. - Employees are subjected to training and education (induction), which includes heat exposure, cold exposure and PPE including control measures. - Employees are acclimatised on working in these weather condition particular hot environment. - Natural ventilation: work is performed outdoors under adequate natural ventilation conditions. The effectiveness of the ventilation condition is mainly determined by weather conditions. - Mechanical ventilation: air conditioning units are installed in the control room in order to regulate indoor temperatures. - Wearing of correct PPE:safety shoes; hard hats; safety overalls / long pants and warm clothing (jackets). | N84: 3 | O84: B | P84: III | Q84: F | R84: Conduct OH Surveys and implement Corrective Actions | S84: Surveys Inspection Audit | T84: HV Plant Supervisors and Technical Supervisor, Contractor site Supervisor | U84: - Occupational Health and Safety Act, Act 85 of 1993 (OHS Act) - Compensation for Occupational Injuries and Diseases Act, Act 130 of 1993 (COID) - Environmental Regulations for Workplaces, 1987 - General Safety Regulations, 1986 - General Administrative Regulations, 2003- 240 - 75567900 Manual for Internal Quality Assurance Management of the Eskom Occupational Hygiene Approved Inspection Authority - 32-520 Occupational Health & Safety Risk Assessment Procedure - 32-477 Safety Health and Environment Training and Development - 240-44175132 Eskom Personal Protective Equipment - 32-285 Medical surveillance - 32-95 Environmental, Occupational Health and Safety Incident Management Procedure | V84: October 2021 | W84: Complete Done quarteltyRegisters available on site | X84: n/a
B85: R | E85: 15.2 | F85: Mechanical failure of the crane | G85: Safety | H85: - Mechanical failure to the crane due to defect. - Lack of training on the operator. - Lack of load test certificate and inspection of the crane. | I85: Eskom HV Plant and Contractor Employees | J85: HV Plant Manager | K85: Once in 2/6 yearly | L85: Fatalities Lost Time Injury Medical Incident | M85: - The crane is load tested annually and inspected 3 monthly by a competent person and inspected before use. - Crane is operated by trained / competent personnel. - Tools, equipment and PPE i.e. full body harness, overalls, safety shoes, hard hats, eye protection, etc is checked for damage before use. - Correct PPE i.e. Safety shoes, Overall, gloves, hard hat, eye protection, FAS are worn when working at heights - Emergency preparedness plan is reviewed and discussed before any work commences - Job observation when doing critical task and SMAT (Behavioural) Observations. - A full body harness is worn and a lanyard attached to the boom or basket when working from a man-lift. - Hard hats is worn at all times to provide protection from falling objects. - Aerial man lift devices is inspected before use - Employees to ensure access equipment are of adequate height. | N85: 6 | O85: D | P85: I | Q85: F | R85: 1.Ensure that employees are trained on Working at Height 2.Medical and Psychological fitness. - Ensure that there is supervision to enforce current controls | S85: Inspections Audits Supervision | T85: HV Plant Supervisors and Technical Supervisor, Contractor site Supervisor | U85: - Occupational Health and Safety Act, 1993 (Act No. 85 of 1993) - General Safety Regulations, 1986 - General Administrative Regulations, 2003 - Driven Machinery Regulations, 1988 East Grid fall protection plan - 240-62196227 Eskom life saving rules procedure - 240-43848327 Right to Refuse to Work in an unsafe condition procedure - 32-477 Safety Health and Environment Training and Development - 240-44175132 Eskom Personal Protective Equipment - 32-285 Medical surveillance - 32-95 Environmental, Occupational Health and Safety Incident Management Procedure East Grid EP Plan | V85: October 2021 | W85: Complete Done quarteltyRegisters available on site | X85: n/a
A86: Battery Room Maintenance - Battery first line maintenance - Conduct measurements on batteries | B86: R | C86: 16 | D86: Batteries | E86: 16.1 | F86: Battery acids | G86: Health | H86: - Lack of training and knowledge - Ineffective PPE - Lack of concentration - Inadequate Risk assessment - Inadequate communication - Failure to adhere to standards, procedure and instruction | I86: Eskom HV Plant and Contractor Employees | J86: HV Plant Manager | K86: Monthly | L86: Lost Time Injury Medical Incident Occupational diseases | M86: • Employees are trained on the SOPs of all activities of the battery room, safety aspects and emergency measures. • Emergency shower and eyewash fountain is provided. • Safety goggles; battery room overalls; suitable gloves to operators are provided • Lead acid with alkaline batteries and vice versa are not stored. • Acid equipment on alkaline cells or vice versa is not allowed. The different electrolytes will nuetralise each other. | N86: 4 | O86: C | P86: II | Q86: F | R86: 1. Enforce current controls 2. Present HCS awarenes training. 3. Conduct SMAT and PTO | S86: Inspections Audits Supervision | T86: HV Plant Supervisors and Technical Supervisor, Contractor site Supervisor | U86: • Occupational Health and Safety Act, 1993 (Act No. 85 of 1993) • General Safety Regulations, 1986 • SANS 433 for skin protection against acids, alkalis, Standard 240-56364501• 240-62196227 Eskom life saving rules procedure • 240-43848327 Right to Refuse to Work in an unsafe condition procedure • 32-477 Safety Health and Environment Training and Development • 240-44175132 Eskom Personal Protective Equipment • 32-285 Medical surveillance • 32-95 Environmental, Occupational Health and Safety Incident Management Procedure | V86: October 2021 | W86: Complete Done quarteltyRegisters available on site | X86: n/a
B87: R | E87: 16.2 | F87: Build-up of gas inside the cell causing risk of cell explosion | G87: Health | H87: - Lack of training and knowledge - Ineffective PPE - Lack of concentration - Inadequate Risk assessment - Inadequate communication - Failure to adhere to standards, procedure and instruction | I87: Eskom HV Plant and Contractor Employees | J87: HV Plant Manager | K87: Monthly | L87: Lost Time Injury Medical Incident Occupational diseases | M87: • Employees are trained on the SOPs of all activities of the battery room, safety aspects and emergency measures. • Emergency shower and eyewash fountain is provided. • Safety goggles; battery room overalls; suitable gloves to operators are provided • Lead acid with alkaline batteries and vice versa are not stored. • Acid equipment on alkaline cells or vice versa is not allowed. The different electrolytes will nuetralise each other. | N87: 4 | O87: C | P87: II | Q87: F | R87: 1. Enforce current controls 2. Present HCS awarenes training. 3. Conduct SMAT and PTO | S87: Inspections Audits Supervision | T87: HV Plant Supervisors and Technical Supervisor, Contractor site Supervisor | U87: • Occupational Health and Safety Act, 1993 (Act No. 85 of 1993) • General Safety Regulations, 1986 • SANS 433 for skin protection against acids, alkalis, Standard 240-56364501 • 240-62196227 Eskom life saving rules procedure • 240-43848327 Right to Refuse to Work in an unsafe condition procedure • 32-477 Safety Health and Environment Training and Development • 240-44175132 Eskom Personal Protective Equipment • 32-285 Medical surveillance • 32-95 Environmental, Occupational Health and Safety Incident Management Procedure | V87: October 2021 | W87: Complete Done quarteltyRegisters available on site | X87: n/a
B88: R | E88: 16.3 | F88: Explosion due to inadequate ventilation / lack of flame proof equipment and to poor indoor air quality | G88: Health | H88: - Lack of training and knowledge - Lack of concentration - Inadequate Risk assessment - Inadequate communication - Failure to adhere to standards, procedure and instruction | I88: Eskom HV Plant and Contractor Employees | J88: HV Plant Manager | K88: Monthly | L88: Lost Time Injury Medical Incident Occupational diseases | M88: • Battery room doors are kept opened when working inside the room. • Staff always ensure that the ventilation system is working in order to avoid a build-up of hydrogen gasses that can increase the risk of an explosion. | N88: 4 | O88: B | P88: III | Q88: F | R88: 1. Enforce current controls 2. Present HCS awarenes training. 3. Conduct SMAT and PTO | S88: Inspections Audits Supervision | T88: HV Plant Supervisors and Technical Supervisor, Contractor site Supervisor | U88: • Occupational Health and Safety Act, 1993 (Act No. 85 of 1993) • General Safety Regulations, 1986 • SANS 433 for skin protection against acids, alkalis, Standard 240-56364501- 240 - 75567900 Manual for Internal Quality Assurance Management of the Eskom Occupational Hygiene Approved Inspection Authority - 32-520 Occupational Health & Safety Risk Assessment Procedure - 32-477 Safety Health and Environment Training and Development - 240-44175132 Eskom Personal Protective Equipment - 32-285 Medical surveillance - 32-95 Environmental, Occupational Health and Safety Incident Management Procedure | V88: October 2021 | W88: Complete Done quarteltyRegisters available on site | X88: n/a
B89: R | E89: 16.4 | F89: Hydrogen and Sulfuric Acid gas is released when the batteries are charged and can easily be ignited if a spark or on open flame is created in the battery room. | G89: Health | H89: - Lack of training and knowledge - Lack of concentration - Inadequate Risk assessment - Inadequate communication - Failure to adhere to standards, procedure and instruction | I89: Eskom HV Plant and Contractor Employees | J89: HV Plant Manager | K89: Monthly | L89: Lost Time Injury Medical Incident Occupational diseases | M89: • Do not wear synthetic clothes, rags or brushes for these could get charged with static electricity and cause an explosion. • Acid-proof safety clothing is used. • Our staff ensure that there is no spillage of electrolyte; it is corrosive and toxic. If electrolyte comes in contact with eyes, flush with water and report to the medical centre immediately. | N89: 4 | O89: B | P89: III | Q89: F | R89: 1. Enforce current controls 2. Present HCS awarenes training. 3. Conduct SMAT and PTO | S89: Inspections Audits Supervision | T89: HV Plant Supervisors and Technical Supervisor, Contractor site Supervisor | U89: • Occupational Health and Safety Act, 1993 (Act No. 85 of 1993) • General Safety Regulations, 1986 • SANS 433 for skin protection against acids, alkalis, Standard 240-56364501- 240 - 75567900 Manual for Internal Quality Assurance Management of the Eskom Occupational Hygiene Approved Inspection Authority - 32-520 Occupational Health & Safety Risk Assessment Procedure - 32-477 Safety Health and Environment Training and Development - 240-44175132 Eskom Personal Protective Equipment - 32-285 Medical surveillance - 32-95 Environmental, Occupational Health and Safety Incident Management Procedure | V89: October 2021 | W89: Complete Done quarteltyRegisters available on site | X89: n/a
B90: R | E90: 16.5 | F90: • Exposure to hazardous substances i.e. Hydrogen; Sulphuric acid and Potassium hydroxide • Sulphuric acid which is highly corrosive . | G90: Health | H90: - Lack of training and knowledge - Ineffective PPE - Lack of concentration - Inadequate Risk assessment - Inadequate communication - Failure to adhere to standards, procedure and instruction | I90: Eskom HV Plant and Contractor Employees | J90: HV Plant Manager | K90: Monthly | L90: Lost Time Injury Medical Incident Occupational diseases | M90: • Employees are trained on the SOPs of all activities of the battery room, safety aspects and emergency measures. • Emergency shower and eyewash fountain is provided. • Safety goggles; battery room overalls; suitable gloves to operators are provided • Lead acid with alkaline batteries and vice versa are not stored. • Acid equipment on alkaline cells or vice versa is not allowed. The different electrolytes will nuetralise each other. | N90: 4 | O90: B | P90: III | Q90: F | R90: 1. Enforce current controls 2. Present HCS awarenes training. 3. Conduct SMAT and PTO | S90: Inspections Audits Supervision | T90: HV Plant Supervisors and Technical Supervisor, Contractor site Supervisor | U90: • Occupational Health and Safety Act, 1993 (Act No. 85 of 1993) • General Safety Regulations, 1986 • SANS 433 for skin protection against acids, alkalis, Standard 240-56364501- 240 - 75567900 Manual for Internal Quality Assurance Management of the Eskom Occupational Hygiene Approved Inspection Authority - 32-520 Occupational Health & Safety Risk Assessment Procedure - 32-477 Safety Health and Environment Training and Development - 240-44175132 Eskom Personal Protective Equipment - 32-285 Medical surveillance - 32-95 Environmental, Occupational Health and Safety Incident Management Procedure | V90: October 2021 | W90: Complete Done quarteltyRegisters available on site | X90: n/a
B91: R | E91: 16.6 | F91: Poor illumination | G91: Health | H91: - Lack of training and knowledge - Ineffective PPE - Lack of concentration - Inadequate Risk assessment - Inadequate communication - Failure to adhere to standards, procedure and instruction | I91: Eskom HV Plant and Contractor Employees | J91: HV Plant Manager | K91: Monthly | L91: Eyestrain Fatigue Double-vision | M91: - Employees are trained on the risk and hazards associated with work inside the battery room - Sufficient flame proof lighting when working inside the battery room is provided. - Employees are provided with required PPE as per the risk assessment - Risk assessment is conducted before work commences and implement the control measures - Emergency preparedness plan is reviewed and discussed before any work commences. | N91: 3 | O91: B | P91: III | Q91: F | R91: 1. Conduct OH Surveys and implement Corrective Actions 2. Enforce currect controls | S91: Inspections Audits Supervision | T91: HV Plant Supervisors and Technical Supervisor, Contractor site Supervisor | U91: • Occupational Health and Safety Act, 1993 (Act No. 85 of 1993) • General Safety Regulations, 1986 • SANS 433 for skin protection against acids, alkalis, Standard 240-56364501- 240 - 75567900 Manual for Internal Quality Assurance Management of the Eskom Occupational Hygiene Approved Inspection Authority - 32-520 Occupational Health & Safety Risk Assessment Procedure - 32-477 Safety Health and Environment Training and Development - 32-285 Medical surveillance - 32-95 Environmental, Occupational Health and Safety Incident Management Procedure -East Grid EP Plan | V91: October 2021 | W91: Complete Done quarteltyRegisters available on site | X91: n/a
A92: Bay Equipment Maintenance - Lighting inspection / maintenance - Label inspection / maintenance - Security fence inspection and maintaining access gate | B92: R | C92: 17 | D92: Substandard condition Substation label | E92: 17.1 | F92: Hand injuries when changing safety signs along the substation fence. | G92: Safety | H92: - Lack of training and knowledge - Ineffective PPE - Lack of concentration - Inadequate Risk assessment - Inadequate communication - Failure to adhere to standards, procedure and instruction | I92: Eskom HV Plant and Contractor Employees | J92: HV Plant Manager | K92: daily | L92: Lost Time Injury Medical Incident | M92: - PPE, checks, control, training - Enforce use of PPE- | N92: 4 | O92: C | P92: II | Q92: F | R92: All Handtools, whether private or company tools, must be listed on the prescribed checklist and checked for integrity at prescribed intervals. No unsafe Handtools or purpose made tools may be used. | S92: Site audits, Contractor Pre- and Post- audits, H&S Rep Inspections, Statutory meetings | T92: HV Plant Supervisors and Technical Supervisor, Contractor site Supervisor | U92: - Occupational Health and Safety Act, Act 85 of 1993 (OHS Act) - Compensation for Occupational Injuries and Diseases Act, Act 130 of 1993 (COID) - Environmental Regulations for Workplaces, 1987 - General Safety Regulations, 1986 - General Administrative Regulations, 2003 | V92: October 2021 | W92: Complete Done quarteltyRegisters available on site | X92: n/a
B93: R | C93: 18 | D93: Lighting inspection | E93: 18.1 | F93: Hand injuries when changing lighting bulbs/globes along the substation fence. | G93: Safety | H93: - Lack of training and knowledge - Ineffective PPE - Lack of concentration - Inadequate Risk assessment - Inadequate communication - Failure to adhere to standards, procedure and instruction | I93: Eskom HV Plant and Contractor Employees | J93: HV Plant Manager | K93: Monthly | L93: Lost Time Injury Medical Incident | M93: Pre-task risk assessment is done to identify all risks and hazards has been conducted and complete workers register prior to any work commencing. - Permit is issued before commencement of the testing activities. - PPE issued:(encompassing non-slip safety boots, electrical shock-resistant boots, long sleeve and long pants),and restriction on wearing of jewellery, long brim safety hat. | N93: 4 | O93: B | P93: III | Q93: F | R93: All Handtools, whether private or company tools, must be listed on the prescribed checklist and checked for integrity at prescribed intervals. No unsafe Handtools or purpose made tools may be used. | S93: Site audits, Contractor Pre- and Post- audits, H&S Rep Inspections, Statutory meetings | T93: HV Plant Supervisors and Technical Supervisor, Contractor site Supervisor | U93: - Occupational Health and Safety Act, Act 85 of 1993 (OHS Act) - Compensation for Occupational Injuries and Diseases Act, Act 130 of 1993 (COID) - Environmental Regulations for Workplaces, 1987 - General Safety Regulations, 1986 - General Administrative Regulations, 2003 | V93: 30 Sep 20 | W93: Complete Done quarteltyRegisters available on site | X93: n/a
B94: R | C94: 19 | D94: Security fence and access gate | E94: 19.1 | F94: Slipping, tripping and falling while walking on uneven surfaces | G94: Safety | H94: - Lack of training and knowledge - Ineffective PPE - Lack of concentration - Inadequate Risk assessment - Inadequate communication - Failure to adhere to standards, procedure and instruction | I94: Eskom HV Plant and Contractor Employees | J94: HV Plant Manager | K94: Monthly | L94: Lost Time Injury Medical Incident | M94: Pre-task risk assessment is done to identify all risks and hazards has been conducted and complete workers register prior to any work commencing. - Permit is issued before commencement of the testing activities. - PPE issued:(encompassing non-slip safety boots, electrical shock-resistant boots, long sleeve and long pants),and restriction on wearing of jewellery, long brim safety hat. vqqqqv | N94: 4 | O94: C | P94: II | Q94: F | R94: All Handtools, whether private or company tools, must be listed on the prescribed checklist and checked for integrity at prescribed intervals. No unsafe Handtools or purpose made tools may be used. | S94: Inspections Audits Supervision | T94: HV Plant Supervisors and Technical Supervisor, Contractor site Supervisor | U94: - Occupational Health and Safety Act, Act 85 of 1993 (OHS Act) - Compensation for Occupational Injuries and Diseases Act, Act 130 of 1993 (COID) - Environmental Regulations for Workplaces, 1987 - General Safety Regulations, 1986 - General Administrative Regulations, 2003 | V94: October 2021 | W94: Complete Done quarteltyRegisters available on site | X94: n/a
A95: Static Variation Compensator (SVC) preventative maintenance | B95: R | C95: 20 | D95: Substandard Condition Static Variation Compensator | E95: 22.1 | F95: Exposure to Noise sources | G95: Health | H95: - Lack of training and knowledge - Ineffective PPE - Lack of concentration - Inadequate Risk assessment - Inadequate communication - Failure to adhere to standards, procedure and instruction | I95: Eskom HV Plant and Contractor Employees | J95: HV Plant Manager | K95: Monthly | L95: Lost Time Injury Medical Incident | M95: Tools that emitts soft noise has been procured. | N95: 4 | O95: C | P95: II | Q95: F | R95: 1. Enforce current controls. 2. Conduct Occupational Hygiene Surveys and implement recommendations 3. Enforce use of PPE | S95: Inspections Audits Supervision | T95: HV Plant Supervisors and Technical Supervisor, Contractor site Supervisor | U95: • Occupational Health and Safety Act, 1993 (Act No. 85 of 1993) • SANS 433 for skin protection against acids, alkalis, oils, and solvents. • Regualtion for Hazardous Chemical Substance (1995) • Noise-induced Hearing Loss Regulations (2003) • General Safety Regulations, 1986 • General Administrative Regulations, 2003• 240-43848327 Right to Refuse to Work in an unsafe condition procedure • 32-477 Safety Health and Environment Training and Development • 240-44175132 Eskom Personal Protective Equipment • 32-285 Medical surveillance • TSP41-220 Prepare metal surfaces for painting • 32-95 Environmental, Occupational Health and Safety Incident Management Procedure | V95: October 2021 | W95: Complete Done quarteltyRegisters available on site | X95: n/a
B96: R | E96: 22.2 | F96: Electrocution | G96: Safety | H96: - Lack of training and knowledge - Ineffective PPE - Lack of concentration - Inadequate Risk assessment - Inadequate communication - Failure to adhere to standards, procedure and instruction | I96: Eskom HV Plant and Contractor Employees | J96: HV Plant Manager | K96: Monthly | L96: Fatality, Lost Time Injury Medical Incident | M96: - Technicians always ensure that equipment is opened, isolated and safe to work on. - An equipotential safety zone is created for each worker on the job site by earthing, bonding and/or insulating according to approved procedures to avoid contact by charging the equipment being tested. - Authorised person (team leader) has certified and shown all team members that the apparatus is safe to work on. - Pre-task risk assessment to identify all risks and hazards has been conducted and complete workers register prior to any work commencing. - Permit is always issued before commencement of the testing activities. - PPE issued:(encompassing non-slip safety boots, electrical shock-resistant boots, long sleeve and long pants),and restriction on wearing of jewellery, long breem safety hat. - Emergency preparedness plan is reviewed and discussed before any work commences. - Test Equipment.- Use updated drawings. | N96: 5 | O96: D | P96: I | Q96: P | R96: -Ensure that Supervision is in place - Enforce compliance to ORHVS - Ensure that Planned Task Observations are conducted | S96: Inspections Audits Supervision | T96: HV Plant Supervisors and Technical Supervisor, Contractor site Supervisor | U96: • Occupational Health and Safety Act, 1993 (Act No. 85 of 1993) • SANS 433 for skin protection against acids, alkalis, oils, and solvents. • Regualtion for Hazardous Chemical Substance (1995) • Noise-induced Hearing Loss Regulations (2003) • General Safety Regulations, 1986 • General Administrative Regulations, 2003• 240-62196227 Eskom life saving rules procedure • 240-43848327 Right to Refuse to Work in an unsafe condition procedure • 32-477 Safety Health and Environment Training and Development • 240-44175132 Eskom Personal Protective Equipment • 32-285 Medical surveillance • TST41-645: Maintenance Standard For Muldersvlei Static Var Compensator (SVC) • TST41-661: Maintenance Standard For AEG Static Var Compensator • TST41-1104: Perform work as per the scope of work and work report requirement • 32-95 Environmental, Occupational Health and Safety Incident Management Procedure | V96: 30 Sep 20 | W96: Complete Done quarteltyRegisters available on site | X96: n/a
B97: R | E97: 22.3 | F97: Hoisting and rigging at capacitor banks; Lifting hazards which may result in property damage and personal injuries | G97: Safety | H97: - Lack of training and knowledge - Ineffective PPE - Lack of concentration - Inadequate Risk assessment - Inadequate communication - Failure to adhere to standards, procedure and instruction | I97: Eskom HV Plant and Contractor Employees | J97: HV Plant Manager | K97: Monthly | L97: Lost Time Injury Medical Incident, Fatality. | M97: • The capacitor units shall be carefully lifted by the structural metal part only, the insulators, bushings or conductors shall not be used for lifting. • Ensure that the capacitor bank yard gate is locked with the live chamber lock. Ensure that the Load is not tied down and is free to move before the operator moves it. • No climbing on the capacitor cans insulators or bushings shall be done as they cannot withstand high mechanical stresses and an accidental breakage may cause injury. • The correctly rated nylon slings shall be used to lift the capacitor units and no metal slings shall be used for lifting the capacitor units. • Caution: Lift all parts carefully and only by the lifting lugs to avoid equipment damage and accidental injury. Do not lift by the bushings, insulators or conductors. mmmmm | N97: 5 | O97: B | P97: II | Q97: F | R97: - Conduct inspections - Ensure supervision. - Enforce current controls | S97: Inspections Audits Supervision | T97: HV Plant Supervisors and Technical Supervisor, Contractor site Supervisor | U97: - Occupational Health and Safety Act, Act 85 of 1993 (OHS Act) - Compensation for Occupational Injuries and Diseases Act, Act 130 of 1993 (COID) - Environmental Regulations for Workplaces, 1987 - General Safety Regulations, 1986 - General Administrative Regulations, 2003 | V97: 30 Sep 20 | W97: Complete Done quarteltyRegisters available on site | X97: n/a
A98: Operating | B98: R | C98: 23 | D98: Substandard condition Plant Machinery | E98: 23.1 | F98: Electrocution | G98: Safety | H98: - Working in a live yard result in exposure to live parts of the plant , equipment or machinery - Violation of ORHVS - Inadequate or inappropriate training - Working on or near equipment which is thought to be dead - Inadequate risk assessment - Taking shortcuts - Lack of concentration - Inadequate communication - Failure to adhere to standards, procedure and instruction | I98: Eskom HV Plant Employees | J98: HV Plant Manager | K98: Monthly | L98: Electric shock Psychological damage Physical burns Neurological damage Ventricular fibrillation resulting in fatality | M98: - Technicians always ensure that equipment is opened, isolated and safe to work on. - An equipotential safety zone is created for each worker on the job site by earthing, bonding and/or insulating according to approved procedures to avoid contact by charging the equipment being tested. - Authorised person (team leader) has certified and shown all team members that the apparatus is safe to work on. - Pre-task risk assessment to identify all risks and hazards has been conducted and complete workers register prior to any work commencing. - Permit is always issued before commencement of the testing activities. - PPE issued:(encompassing non-slip safety boots, electrical shock-resistant boots, long sleeve and long pants),and restriction on wearing of jewellery, long breem safety hat. - Emergency preparedness plan is reviewed and discussed before any work commences. - Test Equipment.- Use updated drawings. | N98: 5 | O98: D | P98: I | Q98: F | R98: -Ensure that Supervision is in place - Enforce compliance to ORHVS - Ensure that Planned Task Observations are conducted | S98: Inspections Audits Supervision | T98: HV Plant Supervisors and Technical Supervisor, Contractor site Supervisor | U98: - Occupational Health and Safety Act, Act 85 of 1993 (OHS Act) - Compensation for Occupational Injuries and Diseases Act, Act 130 of 1993 (COID) - General Safety Regulations, 1986 - General Administrative Regulations, 2003- TPC 41-203 Topping up procedure - TST 41-42 Circuit breaker maintenance standard - TST41-1114 (outdoor breaker) scope of work and work report - 32-846 Operating Regulations for High Voltage System - 240-43848327 Right to Refuse to Work in an unsafe condition procedure - 32-477 Safety Health and Environment Training and Development - 240-44175132 Eskom Personal Protective Equipment - 32-285 Medical surveillance - 32-95 Environmental, Occupational Health and Safety Incident Management Procedure - 32-520 Occupational Health & Safety Risk Assessment Procedure - 240 - 72092948 East Grid EP Plan | V98: October 2021 | W98: Complete Done quarteltyRegisters available on site | X98: n/a
B99: N | E99: 23.2 | F99: Exposure to thermal stress (excessive cold and heat) depending on the season | G99: Health | H99: - Ultra-violet radiation from the sun - Inclement Weather Conditions (extremely cold / hot conditions) | I99: Eskom HV Plant Employees | J99: HV Plant Manager | K99: Monthly | L99: Heat rashes Heat stroke Heat edema Heat exhaustion Heat syncope Heat cramps Heat cramps Hypothermia | M99: - Drinking lot of fluids to prevent dehydration. do help our employees. - Work-rest Regime:Employees are allways encouraged to take resting period or stop an activity when there are warnings of extreme weather condition. - Employees reduces duration of exposure. If exposure occurs, it occurs over short durations. - Employees are subjected to training and education (induction), which includes heat exposure, cold exposure and PPE including control measures. - Employees are acclimatised on working in these weather condition particular hot environment. - Natural ventilation: work is performed outdoors under adequate natural ventilation conditions. The effectiveness of the ventilation condition is mainly determined by weather conditions. - Mechanical ventilation: air conditioning units are installed in the control room in order to regulate indoor temperatures. - Wearing of correct PPE:safety shoes; hard hats; safety overalls / long pants and warm clothing (jackets). | N99: 3 | O99: B | P99: III | Q99: F | R99: Conduct OH Surveys and implement Corrective Actions | S99: Inspections Audits Supervision | T99: HV Plant Supervisors and Technical Supervisor, Contractor site Supervisor | U99: - Occupational Health and Safety Act, Act 85 of 1993 (OHS Act) - Compensation for Occupational Injuries and Diseases Act, Act 130 of 1993 (COID) - Environmental Regulations for Workplaces, 1987 - General Safety Regulations, 1986 - General Administrative Regulations, 2003- 240 - 75567900 Manual for Internal Quality Assurance Management of the Eskom Occupational Hygiene Approved Inspection Authority - 32-520 Occupational Health & Safety Risk Assessment Procedure - 32-477 Safety Health and Environment Training and Development - 240-44175132 Eskom Personal Protective Equipment - 32-285 Medical surveillance - 32-95 Environmental, Occupational Health and Safety Incident Management Procedure | V99: Oct 2021 | W99: Complete Done quarteltyRegisters available on site | X99: n/a
B100: R | E100: 23.3 | F100: Operating on the wrong panel | G100: Safety | H100: - No proper barricading - No proper toolbox talk - No being of being properly informed - Failure to adhere to standard, procedures - Lack of concentration - Inadequate communication | I100: Eskom HV Plant Employees | J100: HV Plant Manager | K100: Monthly | L100: Loss of power supply Property damage | M100: - The requirements of the ORHVS Regulation i.e. ORHVS training and authorisation, access management, conduct pre-task risk assessment, complete workers register, work permit in place and, barricading the work environment is implemented. - The panel to worked on gets properly barricaded. - Before work commences site specific risk assessment as per scope of work is conducted. - All risks identified and the control measures get discussed with everyone involved in the task. - All applicable rules, standards and procedures are adhered to, at all times - Emergency preparedness plan is reviewed and discussed before any work commences - Job observation when doing critical task and SMAT (Behavioural) Observations. | N100: 1 | O100: C | P100: III | Q100: F | R100: -Ensure that Supervision is in place - Enforce compliance to ORHVS - Ensure that Planned Task Observations are conducted | S100: Inspections Audits Supervision | T100: HV Plant Supervisors and Technical Supervisor, Contractor site Supervisor | U100: - Occupational Health and Safety Act, 1993 (Act No. 85 of 1993) - General Safety Regulations, 1986 - General Administrative Regulations, 2003 - 240-62196227 Eskom life saving rules procedure - 32-477 Safety Health and Environment Training and Development - 240-44175132 Eskom Personal Protective Equipment - 32-285 Medical surveillance - 32-95 Environmental, Occupational Health and Safety Incident Management Procedure - 32-520 Occupational Health & Safety Risk Assessment Procedure | V100: October 2021 | W100: Complete Done quarteltyRegisters available on site | X100: n/a
B101: N | E101: 23.4 | F101: Ergonomics | G101: Health | H101: - Work posture due to prolonged crouching position - Awkward body postures | I101: Eskom HV Plant Employees | J101: HV Plant Manager | K101: Monthly | L101: Work related Musculo-skeletal disorder: Overuse or overexertion injuries, osteo-arthritis, degenerative joint disease, and repetitive strain injuries | M101: - Plant ergonomics program are developed and implemented. - Occupational hygiene surveys are conducted as per the OHS Act requirments. | N101: 3 | O101: B | P101: III | Q101: F | R101: Conduct OH Surveys and implement Corrective Actions | S101: Surveys Inspection Audit | T101: HV Plant Supervisors and Technical Supervisor, Contractor site Supervisor | U101: - Occupational Health and Safety Act, Act 85 of 1993 (OHS Act) - Compensation for Occupational Injuries and Diseases Act, Act 130 of 1993 (COID) - Environmental Regulations for Workplaces, 1987 - General Safety Regulations, 1986 - General Administrative Regulations, 2003 - Facilities Regulations, 1990 - 240 - 75567900 Manual for Internal Quality Assurance Management of the Eskom Occupational Hygiene Approved Inspection Authority - 32-520 Occupational Health & Safety Risk Assessment Procedure - 32-477 Safety Health and Environment Training and Development - 240-44175132 Eskom Personal Protective Equipment - 32-285 Medical surveillance - 32-95 Environmental, Occupational Health and Safety Incident Management Procedure | V101: October 2021 | W101: Complete Done quarteltyRegisters available on site | X101: n/a
B102: R | E102: 23.5 | F102: High voltage testing which may result in electrocution | G102: Safety | H102: - Working in a live yard result in exposure to live parts of the plant , equipment or machinery - Violation of ORHVS - Inadequate or inappropriate training - Working on or near equipment which is thought to be dead - Inadequate risk assessment - Taking shortcuts - Lack of concentration - Inadequate communication - Failure to adhere to standards, procedure and instruction | I102: Eskom HV Plant Employees | J102: HV Plant Manager | K102: Monthly | L102: Electric shock Psychological damage Physical burns Neurological damage Ventricular fibrillation resulting in fatality | M102: - Technicians always ensure that equipment is opened, isolated and safe to work on. - An equipotential safety zone is created for each worker on the job site by earthing, bonding and/or insulating according to approved procedures to avoid contact by charging the equipment being tested. - Authorised person (team leader) has certified and shown all team members that the apparatus is safe to work on. - Pre-task risk assessment to identify all risks and hazards has been conducted and complete workers register prior to any work commencing. - Permit is always issued before commencement of the testing activities. - PPE issued:(encompassing non-slip safety boots, electrical shock-resistant boots, long sleeve and long pants),and restriction on wearing of jewellery, long breem safety hat. - Emergency preparedness plan is reviewed and discussed before any work commences. - Test Equipment.- Use updated drawings. | N102: 5 | O102: D | P102: I | Q102: F | R102: -Ensure that Supervision is in place - Enforce compliance to ORHVS - Ensure that Planned Task Observations are conducted | S102: Inspections Audits Supervision | T102: HV Plant Supervisors and Technical Supervisor, Contractor site Supervisor | U102: - Occupational Health and Safety Act, Act 85 of 1993 (OHS Act) - Compensation for Occupational Injuries and Diseases Act, Act 130 of 1993 (COID) - General Safety Regulations, 1986 - General Administrative Regulations, 2003- TPC 41-203 Topping up procedure - TST 41-42 Circuit breaker maintenance standard - TST41-1114 (outdoor breaker) scope of work and work report - 32-846 Operating Regulations for High Voltage System - 240-43848327 Right to Refuse to Work in an unsafe condition procedure - 32-477 Safety Health and Environment Training and Development - 240-44175132 Eskom Personal Protective Equipment - 32-285 Medical surveillance - 32-95 Environmental, Occupational Health and Safety Incident Management Procedure - 32-520 Occupational Health & Safety Risk Assessment Procedure - 240 - 72092948 East Grid EP Plan | V102: October 2021 | W102: Complete Done quarteltyRegisters available on site | X102: n/a
A103: Substation General Maintenance - Substation monthly routine inspection - Substation safety inspection (by safety representatives) - Substation fire extinguisher maintenance - Substation building and facility maintenance | B103: R | C103: 24 | D103: Substandard Substation Yard Environment | E103: 24.1 | F103: Poor housekeeping | G103: Safety | H103: Scheduled and inpromptu inspections, clean-up & repair & maintenance | I103: Eskom HV Plant Employees | J103: HV Plant Manager | K103: Daily | L103: Injury, disease, Lost Time Injury. | M103: - Engineering Assistants do ensure that sites and worklaces are inspected and kept in good order | N103: 4 | O103: C | P103: II | Q103: F | R103: 1. Conduct audits and inspections | S103: Inspections Audits Maintenance Repair Clean | T103: HV Plant Supervisors and Technical Supervisor, Contractor site Supervisor | U103: OHS Act Sections 8 & 14; ERW 6; CRs; FRs | V103: October 2021 | W103: Complete Done quarteltyRegisters available on site | X103: n/a
...

Sheet Lines & Servitudes
A3: Occupational Health and Safety Baseline risk assessment template
A4: Business/Operating unit: | B4: Tramsmission East Grid | J4: Department: | K4: Lines & Servitudes | U4: Next Review Date (every 2 years): | V4: 45200 | W4: Template identifier: | X4: 240-70044602
A6: Date: | B6: 44107 | J6: Prepared by: | K6: Mike Bustin, Gift Buthelezi, Dumisani Mncwabe, Sifiso Ndlovu, Gustav Khors | M6: Authorised by: | O6: Name: Swazi Simelane | W6: Document identifier | X6: 240-142073894 | AM6: R | AN6: Safety | AO6: 1 | AP6: A | AQ6: Fully effective | AR6: I
O7: Designation: Lines & Servitudes Manager | W7: Revision number: | X7: 6 | AM7: N | AN7: Health | AO7: 2 | AP7: B | AQ7: Mostly effective | AR7: II
O8: Signed: | W8: Revision date: | X8: 45200 | AO8: 3 | AP8: C | AQ8: Mostly ineffective | AR8: III
O9: Date: | AO9: 4 | AP9: D | AQ9: None | AR9: IV
A10: Refer to Occupational Health and Safety Risk assessment procedure 32-520 | AO10: 5 | AP10: E
A11: List activity | B11: Activity type (Routine/Non-routine) | C11: Hazard nr | D11: Hazard Identification | E11: Risk Nr | F11: Associated risk | G11: Risk type | H11: Cause(s) of the risk | I11: Exposed group/employees | J11: Risk Owner | K11: Exposure patterns | L11: What are the possible consequences? | M11: Existing Controls | P11: Risk Priority Rating | R11: Additional Controls or Tasks Aimed at improving Existing Controls | S11: Monitoring Mechanisms | T11: Control Owner | U11: Legal and Other Requirements | V11: Target Date | W11: Current Status | X11: Integrated Risk Management (IRM) reference number | AO11: 6
A12: List specific activities to be performed taking into consideration the equipment to be used, the personnel involved in the task. | B12: Indicate R or N 1. Routine activities and situations create hazards through day-to-day operations and normal work activities; 2. Non-routine activities and situations are occasional or unplanned; | C12: # | D12: Anything with potential to cause of harm. Note: A hazard can pose more than one risk. | E12: # | F12: A chance that injury , ill health or damage could occur as a result of uncontrolled hazard. | G12: Safety or health | H12: What causes the risk to come into effect? | I12: Who is exposed to the hazard i.e. visitors, members of the public, etc. | J12: Who is accountable for making sure the controls and monitors are: - in place, - implemented, - regularly reviewed for effectiveness. | K12: The frequency and duration the person/group is exposed to the hazard e.g. Daily for 3 hrs. | L12: Consider the worse case scenario without controls? | M12: Include: - Preventative Controls (controls implemented to eliminate hazards or reduce the likelihood of the risk occurring), and - Reactive Controls (controls implemented to reduce the immediate impact of the risk occurring) Elimination Substitution Engineering controls Administrative controls Personal protective equipment (PPE) | N12: Consequence | O12: Likelihood | Q12: RCE Risk Control Effectiveness | R12: Include: - Preventative Controls (controls implemented to eliminate hazards or reduce the likelihood of the risk occurring), and - Reactive Controls (controls implemented to reduce the immediate impact of the risk occurring) Elimination Substitution Engineering controls Administrative controls Personal protective equipment (PPE) | S12: How we know if we are succeeding. Include comments on effectiveness. This may include i.e. measurements, inspections, supervision where necessary. | T12: Person allocated the responsibility for implementing the agreed controls | U12: Where relevant, list the relevant legislative and or Eskom requirements that prescribe the control. | V12: Once a date has been agreed to, this can not be changed | W12: Pending, In Progress, Complete | X12: Where applicable, add IRM system reference number for tracking of treatment actions. | AD12: Consequences | AE12: 6 | AF12: III | AG12: II | AH12: I | AI12: I | AJ12: I
A13: Vegetation Managemant : - Tree felling or cutting, - Trimming bushes and trees - Herbicide application | B13: N | C13: 1 | D13: Substandard Act on Chainsaw | E13: 1.1 | F13: Chainsaw operated by Incompetent or unauthorised people leading to lacerations. | G13: Safety | H13: - Lack of training and knowledge (area, environment, equipment) - Inadequate Risk assessment - Inadequate communication - Failure to adhere to standards, procedure and instruction - Lack of supervision | I13: Eskom Lines and Servitudes employees and Bush clearing contractor employees | J13: Lines and Servitudes Manager | K13: 6 months per year | L13: Lost Time Injury Medical Incident | M13: - Risk Assessment at the site to determine the scope of work and the resources that would be required (people, equipment, PPE, etc.) is conducted prior working.. - Training validity of all the required authorized people that are involved in the task is confirmed. | N13: 4 | O13: C | P13: II | Q13: P | R13: - Lesson learnt from previous incidents are shared- BSOs and Job observation | S13: Inspections Audits Supervision | T13: L&S Plant Supervisors, Contractor site Supervisor | U13: - Occupational Health and Safety Act (Act No. 85 of 1993) - General Safety Regulations, 1986 - General Administrative Regulations, 2003- Site specific Eastern Grid induction training - 32-477 Safety Health and Environment Training and Development - 32-520 Occupational Health & Safety Risk Assessment Procedure - 240-44175132 Eskom Personal Protective Equipment - 32-285 Medical surveillance - TGL41-334 Vegetation Management Guideline - 32-95 Rev. 4 Environmental, Occupational Health and Safety Incident Management Procedure | V13: 44470 | W13: Complete Done quarteltyRegisters available on site | AE13: 5 | AF13: III | AG13: II | AH13: II | AI13: I | AJ13: I
B14: N | E14: 1.2 | F14: Struck by (falling) tree | G14: Safety | H14: - Poor planning - Inadequate Risk assessment - Inadequate communication - Failure to adhere to standards, procedure and instruction | I14: Eskom Lines and Servitudes employees and Bush clearing contractor employees | J14: Lines and Servitudes Manager | K14: 6 months per year | L14: Lost Time Injury Medical Incident | M14: - Risk Assessment at the site to determine the scope of work and the resources that would be required (people, equipment, PPE, etc.) is conducted prior working.. - Training validity of all the required authorized people that are involved in the task is confirmed.L20 | N14: 4 | O14: C | P14: II | Q14: F | R14: - Sharing lesson learnt from previous incidents, Audits and Inspections ane conducted. | S14: Inspections Supervision | T14: L&S Plant Supervisors, Contractor site Supervisor | U14: - Occupational Health and Safety Act (Act No. 85 of 1993) - General Administrative Regulations, 2003- TGL41-334 Vegetation Management Guideline - 32-520 Occupational Health & Safety Risk Assessment Procedure - 32-95 Rev. 4 Environmental, Occupational Health and Safety Incident Management Procedure | V14: 44470 | W14: Complete Done quarteltyRegisters available on site | AE14: 4 | AF14: IV | AG14: III | AH14: II | AI14: I | AJ14: I
B15: N | E15: 1.3 | F15: Defective chainsaws/ Causing hand injuries | G15: Safety | H15: - Inadequate communication - Failure to adhere to standards, procedure and instruction - Not identifying correct tools, equipment, material, etc - Chainsaws not checked for serviceability prior to use. - Lack of training and knowledge - Lack of concentration - Inadequate Risk assessment | I15: Eskom Lines and Servitudes employees and Bush clearing contractor employees | J15: Lines and Servitudes Manager | K15: 6 months per year | L15: Lost Time Injury Medical incidents | M15: - Inspection of equipment, including checking all safety devices, such as the kick back action mechanism on the chainsaw, before transporting to worksite is done - Ensurimg that the equipment is in accordance with specifications, Non-standard modifications, mismatching chainsaw engine & blade size; mismatching chainsaw guide bar and chain size is removed. - Chainsaw and safety equipment are checked and inspected in accordance with manufacturer’s specifications and organisational requirements before use. - No cutting is allowed where the chainsaw is lifted above shoulder height The tree felling process: - Putting of all required PPE– operator and everybody within 5m radius do wear specific chainsaw PPE. - Establishment of most appropriate work-positions for chainsaw operator taking the environment and conditions into consideration. | N15: 4 | O15: B | P15: II | Q15: F | R15: - BSOs and Job observation - Conducting inspections. | S15: Inspections Supervision | T15: L&S Plant Supervisors, Contractor site Supervisor | U15: - Occupational Health and Safety Act (Act No. 85 of 1993) - General Safety Regulations, 1986 - General Administrative Regulations, 2003- 240-43848327 Right to Refuse to Work in an unsafe condition procedure - 32-520 Occupational Health & Safety Risk Assessment Procedure - 32-477 Safety Health and Environment Training and Development - 240-44175132 Eskom Personal Protective Equipment - 32-285 Medical surveillance - TGL41-334 Vegetation Management Guideline - 32-95 Rev. 4 Environmental, Occupational Health and Safety Incident Management Procedure | V15: 44470 | W15: Complete Done quarteltyRegisters available on site | AE15: 3 | AF15: IV | AG15: III | AH15: II | AI15: II | AJ15: I
B16: N | E16: 1.4 | F16: Exposure to vibration from chainsaw equipment. | G16: Health | H16: - Inadequate maintenance and inspection | I16: Eskom Lines and Servitudes employees and Bush clearing contractor employees | J16: Lines and Servitudes Manager | K16: 6 months per year | L16: White finger | M16: - Purchasing of low-vibration chainsaws (eg with anti-vibration mounts and heated handles); - Proper adherence to maintenance schedules for chainsaws and personal protective equipment (PPE); - Provision of information and training to chainsaw operators on the health risks associated with chainsaws and use of PPE etc. - Chainsaws are maintained as per the manufature's instruction. | N16: 4 | O16: B | P16: III | Q16: P | R16: - BSOs and Job observation - Conduct inspections | S16: Surveys Inspection Audit | T16: L&S Plant Supervisors, Contractor site Supervisor | U16: - Occupational Health and Safety Act (Act No. 85 of 1993) - General Safety Regulations, 1986 - General Administrative Regulations, 2003- 32-477 Safety Health and Environment Training and Development - 32-520 Occupational Health & Safety Risk Assessment Procedure - 240-75567900 Manual for Internal QualityAssurance Management of the Eskom Occupational Hygiene Approved Inspection Authority - 240-44175132 Eskom Personal Protective Equipment - 32-285 Medical surveillance - 32-95 Rev. 4 Environmental, Occupational Health and Safety Incident Management Procedure | V16: 44470 | W16: Complete Done quarteltyRegisters available on site | AE16: 2 | AF16: IV | AG16: IV | AH16: III | AI16: II | AJ16: II
B17: N | E17: 1.5 | F17: Exposure to noise source from chainsaw equipment. | G17: Health | H17: - Inadequate or lack of training on noise sources and control measures. - Ineffection hearing protection device. - Fluctuating and constant noise from machinery. - Inadequate mantenance and inspection | I17: Eskom Lines and Servitudes employees and Bush clearing contractor employees | J17: Lines and Servitudes Manager | K17: 6 months per year | L17: Noise Induced Hearing Loss, Loss time injury. | M17: - Chainsaws generating low-noise are purchased. - Employees are subjected to audiometric testing by the Medical Health Practitioner. - Reduction of duration of exposure to the noise source. If exposure occurs, is reduced to short durations. - Employees are subjected to training and education (induction), which includes noise exposure and control measures. - Employees are correctly use povided / issued hearing protective devices to provide adequate hearing protection against the estimated noise levels. - Employees are provided with hearing protection devise. | N17: 4 | O17: C | P17: II | Q17: p | R17: OH Surveys are conducted and implemented as Corrective Actions | S17: Surveys Inspection Audit | T17: L&S Plant Supervisors, Contractor site Supervisor | U17: - Occupational Health and Safety Act, Act 85 of 1993 (OHS Act) - Noise-induced Hearing Loss Regulations, 2003 - Compensation for Occupational Injuries and Diseases Act, Act 130 of 1993 (COID) - General Safety Regulations, 1986 - General Administrative Regulations, 2003- 240 - 75567900 Manual for Internal Quality Assurance Management of the Eskom Occupational Hygiene Approved Inspection Authority - 32-520 Occupational Health & Safety Risk Assessment Procedure - 32-477 Safety Health and Environment Training and Development - 240-44175132 Eskom Personal Protective Equipment - 32-285 Medical surveillance - 32-95 Rev. 4 Environmental, Occupational Health and Safety Incident Management Procedure - 32-425 Hearing conservation | V17: 44470 | W17: Complete Done quarteltyRegisters available on site | AE17: 1 | AF17: IV | AG17: IV | AH17: III | AI17: III | AJ17: III
B18: N | E18: 1.6 | F18: Repeatitive strain during tree felling when using the chainsaw above shoulder height which might result in ergornomic stress. | G18: Health | H18: - Work posture due to prolonged crouching position - Awkward body postures | I18: Eskom Lines and Servitudes employees and Bush clearing contractor employees | J18: - Develop and implement a plant ergonomics program. - Conduct occupational hygiene surveys as per the OHS Act requirments. - Check weather conditions, ie direction and velocity of wind. - Emergency preparedness plan is reviewed and discussed before any work commences | K18: 6 months per year | L18: Work related Musculo-skeletal disorder: Overuse or overexertion injuries, osteo-arthritis, degenerative joint disease, and repetitive strain injuries Back injuries | M18: - Plant ergonomics program were developed and implemented. - Occupational hygiene surveys as per the OHS Act requirments are conducted. - Check weather conditions, ie direction and velocity of wind are checked. - Emergency preparedness plan is reviewed and discussed before any work commences | N18: 3 | O18: C | P18: II | Q18: P | S18: Surveys Inspection Audit | T18: L&S Plant Supervisors, Contractor site Supervisor | U18: - Occupational Health and Safety Act, Act 85 of 1993 (OHS Act) - Compensation for Occupational Injuries and Diseases Act, Act 130 of 1993 (COID) - Environmental Regulations for Workplaces, 1987 - General Safety Regulations, 1986 - General Administrative Regulations, 2003 - 240 - 75567900 Manual for Internal Quality Assurance Management of the Eskom Occupational Hygiene Approved Inspection Authority - 32-520 Occupational Health & Safety Risk Assessment Procedure - 32-477 Safety Health and Environment Training and Development - 240-44175132 Eskom Personal Protective Equipment - 32-285 Medical surveillance - 32-95 Rev. 4 Environmental, Occupational Health and Safety Incident Management Procedure | V18: 44470 | W18: Complete Done quarteltyRegisters available on site | AF18: A | AG18: B | AH18: C | AI18: D | AJ18: E
B19: N | E19: 1.7 | F19: Exposure to fllying objects and debris | G19: Safety | H19: - Lack of training and knowledge (area, environment, equipment) - Ineffective PPE - Lack of concentration - Inadequate Risk assessmentmmmm | I19: Eskom Lines and Servitudes employees and Bush clearing contractor employees | J19: - Provide employees with required Personal Protective equipment i.e. eye protection, overalls - Ensure that employees are informed about the risks and hazards associated with the task. | K19: 6 months per year | L19: Lacerations | M19: - Provide employees with required Personal Protective equipment i.e. eye protection, overalls - Ensure that employees are informed about the risks and hazards associated with the task. | N19: 4 | O19: C | P19: II | Q19: P | R19: - Sharing lesson learnt from previous incidents - BSOs and Job observation | S19: Inspections | T19: L&S Plant Supervisors, Contractor site Supervisor | U19: - Occupational Health and Safety Act, Act 85 of 1993 (OHS Act) - General Safety Regulations, 1986 - General Administrative Regulations, 2003- 32-477 Safety Health and Environment Training and Development - 32-520 Occupational Health & Safety Risk Assessment Procedure - 240-44175132 Eskom Personal Protective Equipment - 32-285 Medical surveillance - 32-95 Rev. 4 Environmental, Occupational Health and Safety Incident Management Procedure | V19: 44470 | W19: Complete Done quarteltyRegisters available on site | AF19: Likelihood
B20: N | E20: 1.8 | F20: Exposure to excessive cold and heat depending on season causing thermal stress. | G20: Health | H20: - Ultra-violet radiation from the sun - Inclement Weather Conditions (extremely cold / hot conditions)nnn | I20: Eskom Lines and Servitudes employees and Bush clearing contractor employees | J20: Lines and Servitudes Manager | K20: 06 months per year | L20: Heat rashes Heat stroke Heat edema Heat exhaustion Heat syncope Heat cramps Heat cramps Hypothermia | M20: - Drinking lot of fluids to prevent dehydration. do help our employees. - Work-rest Regime:Employees are allways encouraged to take resting period or stop an activity when there are warnings of extreme weather condition. - Employees reduces duration of exposure. If exposure occurs, it occurs over short durations. - Employees are subjected to training and education (induction), which includes heat exposure, cold exposure and PPE including control measures. - Employees are acclimatised on working in these weather condition particular hot environment. - Natural ventilation: work is performed outdoors under adequate natural ventilation conditions. The effectiveness of the ventilation condition is mainly determined by weather conditions. - Mechanical ventilation: air conditioning units are installed in the control room in order to regulate indoor temperatures. - Wearing of correct PPE:safety shoes; hard hats; safety overalls / long pants and warm clothing (jackets). | N20: 4 | O20: B | P20: III | Q20: F | R20: - Sharing lesson learnt from previous incidents - BSOs and Job observation | S20: Surveys Inspection Audit | T20: L&S Plant Supervisors, Contractor site Supervisor | U20: - Occupational Health and Safety Act, Act 85 of 1993 (OHS Act) - Compensation for Occupational Injuries and Diseases Act, Act 130 of 1993 (COID) - Environmental Regulations for Workplaces, 1987 - General Safety Regulations, 1986 - General Administrative Regulations, 2003- 240 - 75567900 Manual for Internal Quality Assurance Management of the Eskom Occupational Hygiene Approved Inspection Authority - 32-520 Occupational Health & Safety Risk Assessment Procedure - 32-477 Safety Health and Environment Training and Development - 240-44175132 Eskom Personal Protective Equipment - 32-285 Medical surveillance - 32-95 Rev. 4 Environmental, Occupational Health and Safety Incident Management Procedure | V20: 44470 | W20: Complete Done quarteltyRegisters available on site
B21: R | E21: 1.9 | F21: Lethal poisons from snake, ticks, mosquitoes bite, bees, spiders and scorpion bites. | G21: Health | H21: - Lack of training and knowledge - Ineffective PPE - Inadequate Risk assessment - Inadequate communication | I21: Eskom Lines and Servitudes employees and Bush clearing contractor employees | J21: - Put on all required PPE. - Emergency preparedness plan is reviewed and discussed before any work commences - Ensure that vehicle is adequately equipped (fire extinguisher, first aid box, tools and equipment, etc) | K21: 12 months per year | L21: Occupational diseases | M21: - Put on all required PPE. - Emergency preparedness plan is reviewed and discussed before any work commences - Ensure that vehicle is adequately equipped (fire extinguisher, first aid box, tools and equipment, etc) | N21: 5 | O21: C | P21: II | Q21: I | R21: - Create awareness to employees and contractor employees | S21: Inspection Observation | T21: L&S Plant Supervisors, Contractor site Supervisor | U21: - Occupational Health and Safety Act (Act No. 85 of 1993) - General Administrative Regulations, 2003- 32-477 Safety Health and Environment Training and Development - 240-44175132 Eskom Personal Protective Equipment - 32-285 Medical surveillance - 32-95 Rev. 4 Environmental, Occupational Health and Safety Incident Management Procedure | V21: 44470 | W21: Complete Done quarteltyRegisters available on site
B22: R | E22: 1.10 | F22: Exposure to trees, shrubs and foreign vegetation with a risk of causing potential hazardous effects from unknown fluids released by posinous trees, shrubs and foreign vegetation. | G22: Safety | H22: - Lack of training and knowledge - Ineffective PPE - Inadequate Risk assessment - Inadequate communication | I22: Eskom Lines and Servitudes employees and Bush clearing contractor employees | J22: Lines and Servitudes Manager | K22: 12 months per year | L22: Occupational diseases | M22: - Ensure that all Contractor staff required to fell dangerous trees are trained, understand the definition of dangerous tree, found competent and comply with the process. These teams shall be authorised specifically for High Risk Tree felling - Ensure that no member of the public is around the work site. - Emergency preparedness plan is reviewed and discussed before any work commences. | N22: 3 | O22: B | P22: III | Q22: F | R22: Conduct BSO | S22: Inspection | T22: L&S Plant Supervisors, Contractor site Supervisor | U22: - Occupational Health and Safety Act (Act No. 85 of 1993) - General Safety Regulations, 1986 - General Administrative Regulations, 2003- 32-477 Safety Health and Environment Training and Development - 32-520 Occupational Health & Safety Risk Assessment Procedure - 240-44175132 Eskom Personal Protective Equipment - 32-285 Medical surveillance - 32-95 Rev. 4 Environmental, Occupational Health and Safety Incident Management Procedure | V22: 44470 | W22: Complete Done quarteltyRegisters available on site
B23: N | E23: 1.11 | F23: Exposure to exhaust petrol fumes inhalation from chaisaw equipment | G23: Health | H23: - Lack of training and knowledge - Ineffective PPE - Inadequate Risk assessment - Inadequate communication - Failure to adhere to standards, procedure and instruction - Inadequate maintenance and inspection | I23: Eskom Lines and Servitudes employees and Bush clearing contractor employees | J23: Lines and Servitudes Manager | K23: 6 months per year | L23: Breathing difficulty Throat pain Abdominal pain Dizziness Severe headaches Extreme fatigue Body weakness Irritation or burns on skin | M23: - Check weather conditions, ie direction and velocity of wind. - Store fuel and oils in a safe, ventilated, shady area well clear of the work place and resting areas. - Put on all required PPE– operator and everybody within 5m radius shall wear specific chainsaw PPE. - Establish most appropriate work-position for chainsaw operator taking the environment and conditions into consideration - All additional oil, fuel and blade lubricants have to be stored in accordance with statutory and organisational requirement. - Chainsaws must be maintained and serviced as per the manufature's specification. | N23: 3 | O23: C | P23: II | Q23: F | R23: - BSOs and Job observation - Conduct inspections | S23: Inspections Audits Supervision | T23: L&S Plant Supervisors, Contractor site Supervisor | U23: - Occupational Health and Safety Act (Act No. 85 of 1993) - Regualtion for Hazardous Chemical Substance (1995) - Environmental Regulations for Workplaces (1987) - General Safety Regulations, 1986 - General Administrative Regulations, 2003- 240-43848327 Right to Refuse to Work in an unsafe condition procedure - 32-477 Safety Health and Environment Training and Development - 32-520 Occupational Health & Safety Risk Assessment Procedure - 240-75567900 Manual for Internal QualityAssurance Management of the Eskom Occupational Hygiene Approved Inspection Authority - 240-44175132 Eskom Personal Protective Equipment - 32-285 Medical surveillance - 32-95 Rev. 4 Environmental, Occupational Health and Safety Incident Management Procedure | V23: 44470 | W23: Complete Done quarteltyRegisters available on site
B24: N | C24: 2 | D24: Contact with Brush cutter | E24: 2.1 | F24: Use of brush cutter may result in repetitive strain (ergonomics) | G24: Health | H24: - Lack of training and knowledge - Work posture due to prolonged crouching position - Awkward body postures | I24: Eskom Lines and Servitudes employees and Bush clearing contractor employees | J24: Lines and Servitudes Manager | K24: 6 months per year | L24: Work related Musculo-skeletal disorder: Overuse or overexertion injuries, osteo-arthritis, degenerative joint disease, and repetitive strain injuries Back injuries | M24: - All personnel must be trained on the used and risk of the brush cutter. - Conduct occupational hygiene monitoring bi-annually. - Conduct pre-task risk assessment and toolbox talk before work commences. - Be on a lookout for dangerous reptiles, and ensure that the first aid kit is readily available. - Emergency preparedness plan is reviewed and discussed before any work commences. | N24: 4 | O24: C | P24: II | Q24: p | R24: - Enforce current controls - Conduct audits and inspections - Conduct OHS and implement recommendations | S24: Inspections Audits Supervision Surveys | T24: L&S Plant Supervisors, Contractor site Supervisor | U24: - Occupational Health and Safety Act, Act 85 of 1993 (OHS Act) - Compensation for Occupational Injuries and Diseases Act, Act 130 of 1993 (COID) - Environmental Regulations for Workplaces, 1987 - General Safety Regulations, 1986 - General Administrative Regulations, 2003 - 240-43848327 Right to Refuse to Work in an unsafe condition procedure - 32-477 Safety Health and Environment Training and Development - 32-520 Occupational Health & Safety Risk Assessment Procedure - 240-75567900 Manual for Internal QualityAssurance Management of the Eskom Occupational Hygiene Approved Inspection Authority - 240-44175132 Eskom Personal Protective Equipment - 32-285 Medical surveillance - 32-95 Rev. 4 Environmental, Occupational Health and Safety Incident Management Procedure | V24: 44470 | W24: Complete Done quarteltyRegisters available on site
B25: N | E25: 2.2 | F25: Thermal stress (cold and heat depending on season) during vegetation management | G25: Health | H25: - Ultra-violet radiation from the sun - Inclement Weather Conditions (extremely cold / hot conditions) | I25: Eskom Lines and Servitudes employees and Bush clearing contractor employees | J25: Lines and Servitudes Manager | K25: Seasonal | L25: Heat rashes Heat stroke Heat edema Heat exhaustion Heat syncope Heat cramps Heat cramps Hypothermia | M25: - Drinking lot of fluids to prevent dehydration. do help our employees. - Work-rest Regime:Employees are allways encouraged to take resting period or stop an activity when there are warnings of extreme weather condition. - Employees reduces duration of exposure. If exposure occurs, it occurs over short durations. - Employees are subjected to training and education (induction), which includes heat exposure, cold exposure and PPE including control measures. - Employees are acclimatised on working in these weather condition particular hot environment. - Natural ventilation: work is performed outdoors under adequate natural ventilation conditions. The effectiveness of the ventilation condition is mainly determined by weather conditions. - Mechanical ventilation: air conditioning units are installed in the control room in order to regulate indoor temperatures. - Wearing of correct PPE:safety shoes; hard hats; safety overalls / long pants and warm clothing (jackets). | N25: 3 | O25: B | P25: III | R25: - Enforce current controls - Conduct audits and inspections - Conduct OHS and implement recommendations | S25: Surveys Inspection Audit | T25: L&S Plant Supervisors, Contractor site Supervisor | U25: - Occupational Health and Safety Act, Act 85 of 1993 (OHS Act) - Compensation for Occupational Injuries and Diseases Act, Act 130 of 1993 (COID) - Environmental Regulations for Workplaces, 1987 - General Safety Regulations, 1986 - General Administrative Regulations, 2003- 240 - 75567900 Manual for Internal Quality Assurance Management of the Eskom Occupational Hygiene Approved Inspection Authority - 32-520 Occupational Health & Safety Risk Assessment Procedure - 32-477 Safety Health and Environment Training and Development - 240-44175132 Eskom Personal Protective Equipment - 32-285 Medical surveillance - 32-95 Rev. 4 Environmental, Occupational Health and Safety Incident Management Procedure | V25: 44470 | W25: Complete Done quarteltyRegisters available on site
